 Dungeon Crawl Stone Soup version 0.31-a0-4-gefa6de2278 (webtiles) character file.

Game seed: 1776810489239416402

604659 Sobieck the Archmage (level 26, -59/157 HPs)
             Began as a Deep Elf Conjurer on May 3, 2023.
             Was a High Priest of Sif Muna.
             Killed from afar by an ancient lich (65 damage)
             ... with a crystal spear
             ... on level 5 of the Realm of Zot on May 4, 2023.
             The game lasted 06:00:11 (78103 turns).

Sobieck the Archmage (Deep Elf Conjurer)           Turns: 78103, Time: 06:00:11

Health: -59/157    AC: 20    Str:  4    XL:     26   Next: 58%
Magic:  37/56      EV: 20    Int: 42    God:    Sif Muna [*****.]
Gold:   4334       SH:  5    Dex: 13    Spells: 16/79 levels left

rFire   + + +        a - +3 Elemental Staff {rElec rF+ rC+ AC+3}
rCold   + + +        y - +0 buckler
rNeg    . . .        h - +4 skin of Zhor {*Englaciate rC+++ SInv}
rPois   +            F - +2 hat {Stlth+}
rElec   +            v - +4 dragonskin cloak
rCorr   .            M - +2 pair of gloves
SInv    +            i - +0 pair of boots {Stlth+}
Will    +++..        I - amulet of Hyrapib {RegenMP rPois rF+}
Stlth   +++++        O - ring of Ferghionu {rF+ rC- Int+6 Stlth+}
HPRegen 0.46/turn    n - ring of willpower
MPRegen 0.75/turn

%: no passive effects
@: on vortex cooldown, studying Invocations
A: no striking features
}: 3/15 runes: decaying, silver, gossamer
a: Renounce Religion, Channel Magic, Forget Spell, Divine Exegesis


You were on level 5 of the Realm of Zot.
You worshipped Sif Muna.
Sif Muna was extremely pleased with you.
You visited 10 branches of the dungeon, and saw 48 of its levels.
You also visited: Gauntlet and Ice Cave.

You collected 6207 gold pieces.
You spent 1873 gold pieces at shops.


   Skills:
 + Level 13.6 Fighting
 + Level 19.8 Dodging
 - Level 4.0 Stealth
 - Level 6.0 Shields
 O Level 27 Spellcasting
 - Level 20.6 Conjurations
 - Level 19.0 Hexes
 - Level 4.0 Translocations
 - Level 4.0 Transmutations
 - Level 26.0 Ice Magic
 - Level 4.2 Air Magic
 - Level 14.0 Invocations


You had 16 spell levels left.
You knew the following spells:

 Your Spells              Type           Power      Damage    Failure   Level
a - Ozocubu's Armour      Ice            100%       N/A       0%          3
b - Ozocubu's Refrigerat  Ice            80%        4d25      0%          7
c - Discord               Hex            60%        N/A       1%          8
d - Iskenderun's Mystic   Conj/Tloc      100%       2d19      1%          4
e - Freezing Cloud        Conj/Ice/Air   82%        6-21      0%          5
f - Orb of Destruction    Conj           62%        9d15      1%          7
g - Swiftness             Air            95%        N/A       1%          3
h - Irradiate             Conj/Tmut      51%        3d28      1%          5
i - Polar Vortex          Ice            80%        N/A       1%          9
j - Enfeeble              Hex            60%        N/A       1%          7
k - Yara's Violent Unrav  Hex/Tmut       50%        3d19      1%          5

Your spell library contained the following spells:

 Spells                   Type           Power      Damage    Failure   Level
 Foxfire                  Conj/Fire      100%       2x1d9     0%          1
 Freeze                   Ice            100%       1d10      0%          1
 Kiss of Death            Conj/Necr      100%       2d13      0%          1
 Magic Dart               Conj           100%       1d8       0%          1
 Shock                    Conj/Air       100%       1d9       0%          1
 Slow                     Hex            100%       N/A       0%          1
 Ensorcelled Hibernation  Hex/Ice        100%       N/A       0%          2
 Momentum Strike          Conj/Tloc      100%       3d10      0%          2
 Searing Ray              Conj           100%       2d8       0%          2
 Static Discharge         Conj/Air       100%       2-7/arc   0%          2
 Confusing Touch          Hex            100%       N/A       0%          3
 Dazzling Flash           Conj/Hex       100%       N/A       0%          3
 Frozen Ramparts          Ice            100%       1d16      0%          3
 Hailstorm                Conj/Ice       100%       3d20      0%          3
 Portal Projectile        Hex/Tloc       100%       N/A       0%          3
 Tukima's Dance           Hex            100%       N/A       0%          3
 Cause Fear               Hex            60%        N/A       0%          4
 Fulminant Prism          Conj/Hex       61%        3d26      0%          4
 Ice Form                 Ice/Tmut       100%       N/A       0%          4
 Iskenderun's Battlesphe  Conj           100%       2d15      0%          5
 Metabolic Englaciation   Hex/Ice        76%        N/A       0%          5
 Apportation              Tloc           100%       N/A       1%          1
 Beastly Appendage        Tmut           100%       N/A       1%          1
 Necrotise                Necr           100%       1d9       1%          1
 Sandblast                Erth           100%       2d20      1%          1
 Sting                    Tmut/Pois      100%       1d8       1%          1
 Summon Small Mammal      Summ           100%       N/A       1%          1
 Blink                    Tloc           100%       N/A       1%          2
 Cigotuvi's Dreadful Rot  Necr/Pois/Air  100%       N/A       1%          2
 Lesser Beckoning         Tloc           100%       N/A       1%          2
 Passwall                 Tmut/Erth      70%        N/A       1%          2
 Poisonous Vapours        Pois/Air       100%       N/A       1%          2
 Scorch                   Fire           100%       2d9       1%          2
 Sublimation of Blood     Necr           54%        N/A       1%          2
 Wereblood                Tmut           74%        N/A       1%          2
 Call Canine Familiar     Summ           54%        N/A       1%          3
 Gell's Gravitas          Tloc           74%        N/A       1%          3
 Ignite Poison            Fire/Tmut/Pois 80%        N/A       1%          3
 Inner Flame              Hex/Fire       100%       N/A       1%          3
 Mephitic Cloud           Conj/Pois/Air  100%       N/A       1%          3
 Spider Form              Tmut/Pois      65%        N/A       1%          3
 Stone Arrow              Conj/Erth      100%       3d13      1%          3
 Summon Guardian Golem    Hex/Summ       94%        N/A       1%          3
 Teleport Other           Tloc           74%        N/A       1%          3
 Vampiric Draining        Necr           54%        2d9       1%          3
 Vhi's Electric Charge    Tloc/Air       100%       N/A       1%          3
 Volatile Blastmotes      Fire/Tloc      100%       2d18      1%          3
 Airstrike                Air            47%        2d(7-23)  1%          4
 Anguish                  Hex/Necr       47%        N/A       1%          4
 Flame Wave               Conj/Fire      100%       2d21      1%          4
 Leda's Liquefaction      Hex/Erth       58%        N/A       1%          4
 Manifold Assault         Tloc           74%        N/A       1%          4
 Passage of Golubria      Tloc           74%        N/A       1%          4
 Petrify                  Tmut/Erth      84%        N/A       1%          4
 Sticky Flame             Conj/Fire      100%       2d11      1%          4
 Summon Ice Beast         Ice/Summ       100%       N/A       1%          4
 Summon Lightning Spire   Summ/Air       84%        N/A       1%          4
 Arcjolt                  Conj/Air       63%        1d73      1%          5
 Fireball                 Conj/Fire      60%        3d23      1%          5
 Silence                  Hex/Air        62%        N/A       1%          5
 Summon Mana Viper        Hex/Summ       94%        N/A       1%          5
 Conjure Ball Lightning   Conj/Air       63%        3x3d23    1%          6
 Iron Shot                Conj/Erth      60%        9d11      1%          6
 Simulacrum               Ice/Necr       64%        N/A       1%          6
 Starburst                Conj/Fire      60%        6d16      1%          6
 Blade Hands              Tmut           37%        N/A       2%          5
 Animate Armour           Summ/Erth      100%       N/A       4%          4
 Animate Dead             Necr           54%        N/A       4%          4
 Dispel Undead            Necr           54%        3d20      4%          4
 Olgreb's Toxic Radiance  Pois           54%        N/A       4%          4
 Alistair's Intoxication  Tmut/Pois      43%        N/A       5%          5
 Summon Forest            Summ/Tloc      32%        N/A       5%          5
 Spellforged Servitor     Conj/Summ      48%        N/A       6%          7
 Agony                    Necr           54%        N/A       13%         5
 Borgnjor's Vile Clutch   Necr/Erth      35%        N/A       13%         5
 Lee's Rapid Deconstruct  Erth           35%        3d18*     13%         5
 Dispersal                Tloc           37%        N/A       14%         6
 Eringya's Noxious Bog    Tmut/Pois      32%        N/A       30%         6
 Plasma Beam              Fire/Air       52%        2x1d74    30%         6
 Statue Form              Tmut/Erth      56%        N/A       30%         6
 Lehudib's Crystal Spear  Conj/Erth      60%        10d14     41%         8
 Death Channel            Necr           27%        N/A       56%         6
 Summon Cactus Giant      Summ           27%        N/A       56%         6
 Dragon Form              Tmut           37%        N/A       58%         7
 Storm Form               Tmut/Air       47%        N/A       58%         7
 Malign Gateway           Summ/Tloc      32%        N/A       86%         7
 Chain Lightning          Conj/Air       63%        3d84      96%         9
 Haunt                    Necr/Summ      27%        N/A       98%         7
 Monstrous Menagerie      Summ           27%        N/A       98%         7
 Disjunction              Tloc           37%        N/A       99%         8
 Maxwell's Capacitive Co  Air            47%        ∞         99%         8
 Ignition                 Fire           35%        3d11      100%        8
 Necromutation            Tmut/Necr      32%        N/A       100%        8
 Summon Horrible Things   Summ           27%        N/A       100%        8
 Death's Door             Necr           27%        N/A       100%        9
 Fire Storm               Conj/Fire      60%        8d15      100%        9
 Shatter                  Erth           35%        3d28*     100%        9

Inventory:

Hand Weapons
 a - the +3 Elemental Staff (weapon) {rElec rF+ rC+ AC+3}
   (You bought it in a shop on level 3 of the Vaults)

   It enhances your fire, ice, earth and air magic.
   AC:        It affects your AC (+3).
   rF:        It protects you from fire.
   rC:        It protects you from cold.
   rElec:     It insulates you from electricity.
Armour
 h - the +4 skin of Zhor (worn) {*Englaciate rC+++ SInv}
   (You found it on level 1 of the Lair of Beasts)

   *Englaciate: It radiates cold, occasionally slowing all nearby creatures who
   are not resistant to cold.
   rC:        It renders you almost immune to cold.
   SInv:      It lets you see invisible.
 i - a +0 pair of boots of stealth (worn)
   (You found it on level 5 of the Vaults)
 v - the +4 dragonskin cloak (worn)
   (You took it off Tiamat on level 3 of the Realm of Zot)

   Avatar's Aegis: It grants the wearer a chance to resist fire, cold, poison,
   electricity, acid, and negative energy.
 y - a +0 buckler (worn)
   (You found it on level 3 of the Dungeon)
 F - a +2 hat of stealth (worn)
   (You found it on level 4 of the Spider Nest)
 M - a +2 pair of gloves (worn)
   (You found it on level 9 of the Dungeon)
Jewellery
 g - the ring "Weybyahi" {rPois rCorr Stlth+}
   (You found it in a Gauntlet)

   [ring of resist corrosion]

   rPois:     It protects you from poison.
   rCorr:     It protects you from acid and corrosion.
   Stlth:     It makes you more stealthy.
 l - the ring of Scepticism {rPois rCorr}
   (You found it on level 3 of the Elven Halls)

   [ring of resist corrosion]

   rPois:     It protects you from poison.
   rCorr:     It protects you from acid and corrosion.
 n - a ring of willpower (right hand)
   (You found it on level 4 of the Spider Nest)
 o - a ring of positive energy
   (You took it off a deep elf knight on level 3 of the Elven Halls)
 r - a ring of ice
   (You found it in an ice cave)
 w - the ring "Baysm" {Ice Fly Str+2 Dex+3}
   (You found it on level 3 of the Vaults)

   [ring of ice]

   It enhances your ice magic.
   Str:       It affects your strength (+2).
   Dex:       It affects your dexterity (+3).
   rF:        It makes you vulnerable to fire.
   rC:        It protects you from cold.
   Fly:       It grants you flight.
 I - the amulet of Hyrapib (around neck) {RegenMP rPois rF+}
   (You found it on level 10 of the Dungeon)

   [amulet of magic regeneration]

   It increases your rate of magic regeneration.
   rF:        It protects you from fire.
   rPois:     It protects you from poison.
 N - the ring "Zigaec" {rElec rPois rF+ AC+4 Dex+3}
   (You took it off a deep elf demonologist on level 3 of the Elven Halls)

   [ring of protection]

   AC:        It affects your AC (+4).
   Dex:       It affects your dexterity (+3).
   rF:        It protects you from fire.
   rElec:     It insulates you from electricity.
   rPois:     It protects you from poison.
 O - the ring of Ferghionu (left hand) {rF+ rC- Int+6 Stlth+}
   (You found it on level 4 of the Lair of Beasts)

   [ring of intelligence]

   Int:       It affects your intelligence (+6).
   rF:        It protects you from fire.
   rC:        It makes you vulnerable to cold.
   Stlth:     It makes you more stealthy.
Wands
 f - a wand of roots (32)
   (You found it on level 6 of the Dungeon)
 C - a wand of acid (38)
   (You found it on level 7 of the Dungeon)
 U - a wand of digging (10)
   (You found it on level 1 of the Spider Nest)
 W - a wand of mindburst (62)
   (You took it off an orc on level 6 of the Dungeon)
 X - a wand of paralysis (69)
   (You found it on level 11 of the Dungeon)
Scrolls
 j - 29 scrolls of identify {@r1}
 m - 5 scrolls of silence {!r}
 p - 8 scrolls of immolation {!r!r}
 q - 7 scrolls of magic mapping {!r}
 t - 8 scrolls of fear
 u - 9 scrolls of fog
 x - 10 scrolls of noise {!r}
 A - 15 scrolls of teleportation {@r4}
 E - 4 scrolls of summoning
 H - 10 scrolls of vulnerability {!r!r}
 J - 5 scrolls of enchant armour
 R - a scroll of blinking {!r}
 S - 12 scrolls of poison
Potions
 b - 3 potions of magic
 e - 7 potions of mutation {!q}
 k - 14 potions of lignification {!q}
 s - 6 potions of heal wounds {@q2}
 z - 8 potions of flight
 B - 4 potions of invisibility
 D - 4 potions of resistance
 G - 9 potions of cancellation
 K - 20 potions of curing {@q1}
 P - 8 potions of ambrosia
 Q - 10 potions of attraction {!q}
 T - 6 potions of brilliance
 Y - a potion of haste {@q3}
Miscellaneous
 c - a phantom mirror
   (You found it in a Gauntlet)
 d - a piece from Xom's chessboard (15/15)
   (You found it on level 12 of the Dungeon)
 L - a box of beasts
   (You found it on level 13 of the Dungeon)
 V - a condenser vane
   (You found it on level 4 of the Lair of Beasts)
 Z - a lightning rod (4/4)
   (You found it on level 12 of the Dungeon)

Dungeon Overview and Level Annotations

Branches:
Dungeon (15/15) Zot: 24752  Temple (1/1) D:5 Zot: 5913    Lair (5/5) D:8 Zot: 23105
  Swamp (4/4) Lair:2 Zot: 18707  Spider (4/4) Lair:3 Zot: 17485   Slime (0/5) Lair:5
    Orc (2/2) D:12 Zot: 9910     Elf (3/3) Orc:2 Zot: 13111  Vaults (5/5) D:13 Zot: 17452
  Crypt (0/3) Vaults:3     Depths (4/4) D:15 Zot: 14769     Zot (5/5) Depths:4 Zot: 20774
  IceCv (visited)         Gauntlet (visited)

Altars:
Ashenzari
Dithmenos
Elyvilon
Fedhas
Gozag
Hepliaklqana
Kikubaaqudgha
Makhleb
Nemelex Xobeh
Okawaru
Qazlal
Ru
Sif Muna
Trog
Uskayaw
Vehumet
Wu Jian
Xom
Yredelemnul
Zin
The Shining One

Shops:
D:4 (   D:5 (   Orc:2 (*[=   Elf:1 (   Elf:3 *:**(   Vaults:1 (???
Vaults:3 *([   Vaults:5 =[

Portals:
Hell: Depths:1 Depths:2 Depths:3 Depths:4
Abyss: Depths:1 Depths:3
Pandemonium: Depths:1 Depths:2
Ziggurat: Depths:2

Annotations:
Spider:1 2 transporters, exclusion: orange crystal statue
Elf:2 5 runed translucent doors
Vaults:1 exclusion: 2 ice statues
Depths:2 5 transporters
Zot:2 8 runed translucent doors
Zot:3 2 transporters, 3 runed translucent doors, Vapuhis's ghost, adept MiFi
Zot:4 1 exclusion

...<)..#..'..<.⌠#.........,,**,,,
.......#.)#.....#.......#.,,**,,,
#.⌠.⌠.##..##.⌠..#p....###,,,**,,,
#....[#..#######§§....# *,,,**,,,
)........#.§§.§.§.#...# *,,,**,,,
##...##.##.§§.§.§§#...# *,,,**,,,
.#####..#..§.....##...# *,,,,,,,,
.......##....§§L.§#...# *,,,,,,,,
#.....##L..§§.)§@##...# *,,,,,,,,
###'###..[.§....§§#...# *,,,,,,,,
,,#........§§§.§§##...# *,,,,,,,,
*,########▓▓▓▓§§#§#**************
,,,,,,,,,* ##).§.),,,,,^,,,**
,,,,,,,,** **§.......,^,,,,,,**
,,,,,,,,* **....§§.L...,,,,,,,**
,,,,,,,** *....,§§§....,,,,,,,,*
,,,,,,,* #....,.......,,,,,,,,*


You could see a Killer Klown and an ancient lich (fast).


Message History

Unknown command.
Unknown command.
Unknown command.
There is a fountain of clear blue water here.
Things that are here:
a +0 trident {polearm}; a +0 glaive of protection {polearm}
There is a stone staircase leading up, spattered with blood here.
There is a stone staircase leading up, spattered with blood here.
You start resting.
Unknown command.
Unknown command.
Unknown command.
Unknown command.
Unknown command.
There is a fountain of clear blue water here.
You see here a +0 club {mace}.
There is an open door here.
There is a stone staircase leading up here.
Unknown command.
There is a stone staircase leading up, spattered with blood here.
Unknown command.
There is a fountain of blood, spattered with blood here. 2 ancient liches come into view.
An Orb Guardian comes into view.
Danger!
Unknown command.
Unknown command.
Unknown command.
Unknown command.
Casting: Orb of Destruction (mildly dangerous; 1% risk of failure)
Confirm with . or Enter, or press ? or * to list all spells.
Casting: Discord (dangerous; 1% risk of failure)
Press: ? - help, Dir - look around, f - activate
Okay, then.
Unknown command.
Casting: Discord (dangerous; 1% risk of failure)
Confirm with . or Enter, or press ? or * to list all spells.
Casting: Discord (dangerous; 1% risk of failure)
Press: ? - help, Dir - look around, f - activate The Orb Guardian resists with almost no effort.
The ancient lich is unaffected.
The ancient lich shouts!
The ancient lich is unaffected.
There is a fountain of blood, spattered with blood here.
You hear a loud "Zot"!
There is a stone staircase leading up, spattered with blood here.
Unknown command.
Unknown command.
Casting: Discord (dangerous; 1% risk of failure)
Confirm with . or Enter, or press ? or * to list all spells.
Aiming: Freezing Cloud (safe; 0% risk of failure)
Press: ? - help, Dir - move target, f - ancient lich
Aim: an ancient lich You feel a strong surge of power!
An ancient lich comes into view.
The ancient lich gestures at you while chanting.
You resist with almost no effort.
The ancient lich shouts!
Unknown command.
You feel a surge of power!
The heat is drained from your surroundings.
The ancient lich resists. x3
The ancient lich is engulfed in freezing vapours.
You hear a loud "Zot"!
The ancient lich is engulfed in freezing vapours.
Unknown command.
Casting: Ozocubu's Refrigeration (safe; 0% risk of failure)
Confirm with . or Enter, or press ? or * to list all spells.
You feel a surge of power!
A great freezing vortex appears and lifts you up.
The ancient lich is engulfed in freezing vapours.
The ancient lich mumbles some strange words.
The ancient lich seems to speed up.
The ancient lich is engulfed in freezing vapours.
The Orb Guardian completely misses you.
Unknown command.
You kill the Orb Guardian!
Sif Muna accepts your kill.
The ancient lich touches you but does no damage.
Unknown command.
You hear a shout!
The ancient lich gestures at you while chanting.
The bolt of acid misses you.
The ancient lich touches you but does no damage.
Unknown command.
The ancient lich points at you and mumbles some strange words.
The bolt of acid hits you!!!!
Unknown command.
The winds around you start to calm down.
You float gracefully downwards.
The ancient lich touches you but does no damage. x2
Unknown command.
A Killer Klown comes into view. It is wielding a +9 club of freezing.
The ancient lich gestures at you while chanting.
The bolt of acid hits you!!!!
Ouch! That really hurt!
* * * LOW HITPOINT WARNING * * *
The ancient lich gestures at you while chanting.
The crystal spear hits you!!!
You die...

Skill      XL: |  1  2  3  4  5  6  7  8  9 10 11 12 13 14 15 16 17 18 19 20 21 22 23 24 25 26 |
---------------+-------------------------------------------------------------------------------+-----
Conjurations   | 5 6 8 9 12 17 20 | 20.6
Spellcasting   | 4 5 8 9 11 12 14 15 16 20 25 26 27 | 27.0
Hexes          | 1 7 8 10 18 19 | 19.0
Translocations | 4 |  4.0
Invocations    | 4 7 8 9 10 11 13 14 | 14.0
Dodging        | 5 8 10 12 14 17 19 | 19.8
Stealth        | 3 4 |  4.0
Fighting       | 2 4 5 7 8 9 11 13 | 13.6
Ice Magic      | 7 10 15 17 20 23 25 26 | 26.0
Air Magic      | 4 |  4.2
Shields        | 5 6 |  6.0
Transmutations | 4 |  4.0

Action                     |  1- 3 |  4- 6 |  7- 9 | 10-12 | 13-15 | 16-18 | 19-21 | 22-24 | 25-27 || total
---------------------------+-------+-------+-------+-------+-------+-------+-------+-------+-------++-------
  Melee: Rapier            |       |       |     2 |     1 |     1 |    19 |     3 |       |       ||    26
         Punch             |       |       |       |       |       |     1 |       |       |       ||     1
         Staff             |       |       |       |       |       |       |       |     3 |       ||     3
   Cast: Magic Dart        |    64 |    40 |    37 |     1 |       |     1 |       |       |       ||   143
         Searing Ray       |     4 |    12 |    18 |     2 |       |       |       |       |       ||    36
         Iskenderun's Myst |       |     1 |    20 |    72 |   114 |    60 |    10 |    19 |    10 ||   306
         Fulminant Prism   |       |       |    84 |   223 |   185 |    24 |    18 |       |       ||   534
         Freezing Cloud    |       |       |       |     9 |    70 |    59 |     5 |       |     2 ||   145
         Ozocubu's Refrige |       |       |       |       |       |   351 |   413 |   146 |   115 ||  1025
         Orb of Destructio |       |       |       |       |       |   158 |    69 |   138 |   160 ||   525
         Ozocubu's Armour  |       |       |       |       |       |     2 |       |       |       ||     2
         Irradiate         |       |       |       |       |       |    13 |    49 |    21 |    34 ||   117
         Swiftness         |       |       |       |       |       |       |     3 |     1 |     1 ||     5
         Polar Vortex      |       |       |       |       |       |       |    29 |    18 |    25 ||    72
         Discord           |       |       |       |       |       |       |     7 |    97 |    65 ||   169
         Yara's Violent Un |       |       |       |       |       |       |       |    18 |    11 ||    29
         Enfeeble          |       |       |       |       |       |       |       |     3 |     9 ||    12
         Shatter           |       |       |       |       |       |       |       |       |     1 ||     1
 Invoke: Channel Magic     |       |       |       |       |       |     7 |     4 |     1 |     4 ||    16
         Divine Exegesis   |       |       |       |       |       |       |       |       |     1 ||     1
    Use: Potion            |       |     1 |     3 |       |     3 |     1 |     4 |     7 |    15 ||    34
         Scroll            |       |       |    15 |     7 |     9 |     6 |     7 |     5 |    13 ||    62
   Stab: Sleeping          |       |       |       |       |       |       |     1 |       |       ||     1
 Armour: Robe              |     2 |       |     2 |       |       |       |       |       |       ||     4
         Steam dragon scal |       |       |       |     9 |     1 |       |       |       |       ||    10
         Animal skin       |       |       |       |       |    13 |    44 |    34 |    20 |    44 ||   155
  Dodge: Dodged            |     1 |     7 |    28 |    56 |    61 |    80 |   101 |    50 |   117 ||   501
         Repelled          |       |       |       |       |       |     1 |     4 |     5 |    11 ||    21
  Block: Buckler           |       |       |       |       |       |     2 |    28 |    14 |    21 ||    65

Levels and vault maps discovered:
D:1:      erik_arrival_blinker_ship, layout_loops_ring,
          minmay_shallow_snake_nest
D:2:      layout_loops_cross, hangedman_decor_points
D:3:      layout_basic
D:4:      layout_basic, evilmike_ruin_ashenzari, serial_shops, shop,
          minmay_misc_feat_five, uniq_pikel, uniq_grinder, uniq_eustachio,
          uniq_natasha
D:5:      layout_loops_cross, kennysheep_mini_moat, minmay_temple_entry_tees,
          serial_shops, shop, roderic_lattice_a, grunt_ministairs_1, uniq_ijyb,
          uniq_crazy_yiuf_cottage
D:6:      wad_crossroads, layout_basic,
          chequers_temple_overflow_statue_of_worship
D:7:      layout_gridville, lemuel_round_altar
D:8:      kennysheep_blocky_hall, layout_basic, dpeg_oklobed_lair,
          uniq_gastronok, uniq_grum, uniq_erica
D:9:      layout_roguey, mainiacjoe_overflow_catch_the_wave
D:10:     layout_basic
D:11:     layout_roguey [special_room_kobold]
D:12:     layout_roguey, zombieorc2_lemuel, gammafunk_ghost_fury_of_okawaru,
          nzn_random_ring, uniq_lodul, uniq_nergalle
D:13:     layout_small_grid, skrybe_vaults_entry_preservation, uniq_frances
D:14:     layout_rooms, serial_bayou_pond_b, minmay_fractal_squares_gapless_7
D:15:     gammafunk_depths_entry_grave, layout_small_grid,
          dreamdust_princess_bridge
Temple:   jpeg_temple_clearing
Lair:1:   layout_regular_city, hellmonk_guarded_unrand_zhor, uniq_amaemon,
          uniq_harold
Lair:2:   layout_gridlike, swamp_mist
Lair:3:   layout_misc_corridors, nicolae_spider_entry_non_spiders,
          nicolae_lair_run_with_the_wolves, infiniplex_staircase_pool_2
Lair:4:   hellmonk_destroyed_diamonds, layout_long_grid, gauntlet_entry_generic
Lair:5:   minmay_lair_end_enchanted_forest, layout_layer_cave,
          nicolae_slime_entry_field_trip,
          portal_ice_cave_entry_animals_and_master
Swamp:1:  layout_falls_marsh, evilmike_swamp_ruin_house_4,
          nicolae_swamp_catching_bugs, uniq_kirke
Swamp:2:  layout_basic_swamp, nicolae_swamp_orc_logging_accident,
          infiniplex_staircase_pool
Swamp:3:  nzn_winding_woodlands_medium [nzn_winding_woodlands_hourglass,
          nzn_winding_woodlands_5x15_lazy_stream,
          nzn_winding_woodlands_5x5_checkerboard,
          nzn_winding_woodlands_5x5_perimeter,
          nzn_winding_woodlands_center_lodge, nzn_winding_woodlands_5x5_three,
          nzn_winding_woodlands_5x5_open_star,
          nzn_winding_woodlands_5x15_parted, nzn_winding_woodlands_5x5_cross],
          layout_falls_marsh, nicolae_swamp_triple_paths, uniq_mlioglotl,
          uniq_jorgrun
Swamp:4:  swamp_vile, layout_basic_swamp, uniq_aizul
Spider:1: gammafunk_sealed_arena
Spider:2: layout_spider_delve, uniq_louise
Spider:3: layout_spider_delve, uniq_nikola
Spider:4: grunt_spider_rune_circles, drop_trap
Orc:1:    layout_diamond_mine, ebering_ghost_reflecting_pool
Orc:2:    hellmonk_orc_salted, layout_caves
Elf:1:    minmay_elf_arrival_plus, layout_loops_corners, serial_shops,
          nicolae_shop_back_alley_shop, hangedman_elf_disciples,
          nicolae_elf_glass_and_crystal_pillar_1, nicolae_elf_m_pinch,
          uniq_zenata, uniq_agnes
Elf:2:    elven_hall_of_blades_hangedman_alternative
          [nicolae_blade_little_rooms], layout_gridlike
Elf:3:    minmay_elf_hall_dome, layout_rooms, gammafunk_ghost_cemetery,
          serial_shops, nicolae_shop_crystal, nicolae_shop_drivethru,
          nicolae_shop_tiny_statue_garden, nicolae_shop_hallway_plus,
          nicolae_shop_trees
Vaults:1: v_alt_pattern_2, v_misc_5, nicolae_vaults_tetromino_T_1,
          nicolae_vaults_offset_grid_hallway_4, vaults_room_semicircle,
          vaults_dpeg_diagonal, ontoclasm_vaults_ring_square,
          nicolae_vaults_network_s, ontoclasm_vaults_decontamination,
          nicolae_vaults_library_corner, v_alt_pattern_2,
          nicolae_vaults_tetromino_T_2, nicolae_vaults_sightless_eye,
          layout_vaults_ring, serial_hangedman_research,
          hangedman_research_thermodynamics, hangedman_research_quantum,
          serial_shops, nicolae_shop_tiny_waterfront, shop_coins,
          nicolae_shop_advertising_works [nicolae_subvault_shop_adworks],
          nicolae_shop_tiny_statue_garden
Vaults:2: portal_desolation_entry_garden, vaults_dpeg_hooks,
          nicolae_vaults_cornered_office, nicolae_vaults_tetromino_Z_2,
          v_misc_29, nicolae_vaults_whirlpool_walls, nicolae_vaults_tangram_2,
          vaults_room_fours, layout_vaults_chaotic_city
Vaults:3: nicolae_vaults_doubleplus_tesselated, nicolae_vaults_trapezoid_1,
          dpeg_vaults_monster_box, v_misc_11, nicolae_vaults_house_3, v_misc_10,
          minmay_crypt_entry_simple_box, v_misc_23,
          nicolae_vaults_shipping_containers_4, nicolae_vaults_network_barrier,
          nicolae_vaults_little_squares_6, nicolae_vaults_shelves_hall,
          nicolae_vaults_asterisk, layout_vaults_omnicross, serial_shops, shop,
          shop
Vaults:4: grunt_vaults_bifocal, v_pattern_2, vaults_room_hallway,
          grunt_vaults_diagonal, nicolae_vaults_two_Ls, hangedman_vaults_impose,
          vaults_mumra_hex, v_rooms_5, nicolae_vaults_surprise_closet,
          nicolae_vaults_cochlea, grunt_vaults_funnel,
          vaults_standard_mumra_enter_the_diamond, nicolae_vaults_tetromino_Z_1,
          nicolae_vaults_ring_of_whatevers, nicolae_vaults_mush_room,
          nicolae_vaults_storage_room_doors, layout_vaults_maze
Vaults:5: serial_shops
Depths:1: layout_basic, minmay_room_of_horrors, chequers_serial_rivers_micro_d,
          hangedman_geh_valley, grunt_pan_entry_spiral, patterned_corridor
Depths:2: gammafunk_the_bubble [the_bubble_gammafunk_roulette],
          layout_gridville, enter_ziggurat_a, hell_entry,
          nicolae_concentric_dashed_squares_wild, serial_co_window_serial,
          co_window_of_opportunity_a, co_window_paths_b,
          co_window_of_opportunity_a, co_window_paths_a,
          co_window_of_opportunity_a, co_window_corner_a, co_window_2corner,
          co_window_unsneaky_path_e, co_window_corner_b, co_window_paths_c,
          co_window_2corner, co_window_paths_c, co_window_2corner,
          co_window_4corner_a, glass_columns_a, pan_entry, nrook_mini_vaults
Depths:3: minmay_eyes, layout_basic, hell_entry,
          infiniplex_enter_wizlab_glasses,
          nicolae_abyss_entry_one_way_or_another, uniq_margery
Depths:4: grunt_zot_entry_gee_three, layout_gridlike, minmay_misc_feat_tiny,
          hangedman_coc_ice_floe, kilobyte_mutagenic_chamber
Zot:1:    lemuel_firehouse, layout_onion_interference
Zot:2:    layout_gridlike, hangedman_xom_zot_hilarity, lemuel_elevator
Zot:3:    gammafunk_sealed_library, layout_misc_corridors,
          gammafunk_ghost_tricky_traps, zot_minivault_1, uniq_tiamat
Zot:4:    layout_twisted_circle
Zot:5:    layout_onion, grunt_megastairs_2

Notes
Turn   | Place    | Note
-------+----------+-------------------------------------------
     0 | D:1      | Sobieck the Deep Elf Conjurer began the quest for the Orb.
     0 | D:1      | Reached XP level 1. HP: 10/10 MP: 6/6
   267 | D:1      | Reached XP level 2. HP: 15/15 MP: 6/8
   499 | D:1      | Reached skill level 5 in Conjurations
   710 | D:1      | Learned a level 2 spell: Searing Ray
   876 | D:1      | Reached XP level 3. HP: 19/19 MP: 8/10
  1222 | D:2      | Reached skill level 4 in Spellcasting
  1429 | D:2      | Reached XP level 4. HP: 20/24 MP: 7/12
  1473 | D:2      | Learned a level 4 spell: Fulminant Prism
  1478 | D:2      | Learned a level 4 spell: Iskenderun's Mystic Blast
  2196 | D:2      | Reached skill level 6 in Conjurations
  2544 | D:3      | You pick up a book of Vapours and begin reading...
  2544 | D:3      | You add the spells Poisonous Vapours, Mephitic Cloud and
                  | Freezing Cloud to your library.
  2928 | D:4      | Reached skill level 5 in Spellcasting
  3055 | D:4      | Reached skill level 1 in Hexes
  3055 | D:4      | Reached XP level 5. HP: 28/28 MP: 11/14
  3096 | D:4      | Noticed a lemure
  3117 | D:4      | Killed a lemure
  3183 | D:4      | Found a broken altar of Ashenzari.
  3183 | D:4      | Noticed Pikel
  3183 | D:4      | Noticed a lemure
  3196 | D:4      | Noticed a lemure
  3198 | D:4      | Noticed a lemure
  3207 | D:3      | Killed Pikel
  3208 | D:3      | Reached skill level 2 in Hexes
  3208 | D:3      | Reached skill level 4 in Hexes
  3208 | D:3      | Reached skill level 6 in Hexes
  3208 | D:3      | Reached skill level 7 in Hexes
  3208 | D:3      | Reached XP level 6. HP: 20/32 MP: 12/15
  3208 | D:3      | Reached XP level 7. HP: 22/36 MP: 12/16
  3355 | D:4      | Reached skill level 8 in Hexes
  3512 | D:4      | Identified the +2 rapier of Megalomania {speed, Str+3}
  3530 | D:4      | Noticed Eustachio
  3542 | D:4      | Killed Eustachio
  3543 | D:4      | Reached skill level 6 in Spellcasting
  3697 | D:4      | Found Zuathuf's Antique Weapon Shoppe.
  3776 | D:4      | Noticed Grinder
  3784 | D:4      | Killed Grinder
  3785 | D:4      | Reached skill level 7 in Spellcasting
  3900 | D:4      | Noticed Natasha
  3921 | D:4      | HP: 8/36 [poisoned by a water moccasin]
  3926 | D:4      | Reached skill level 8 in Spellcasting
  3926 | D:4      | Reached XP level 8. HP: 14/41 MP: 6/22
  4076 | D:4      | Killed Natasha
  4077 | D:4      | Reached skill level 9 in Spellcasting
  4243 | D:4      | Noticed Natasha
  4246 | D:4      | Killed Natasha
  4461 | D:4      | Noticed Natasha
  4465 | D:4      | Killed Natasha
  4501 | D:5      | Entered Level 5 of the Dungeon
  4862 | D:5      | Found Ahepsusm's Antique Weapon Shop.
  4901 | D:5      | Found a runed translucent door.
  4902 | D:5      | Noticed Crazy Yiuf
  4967 | D:5      | Reached skill level 7 in Conjurations
  5204 | D:5      | Found a glowing golden altar of the Shining One.
  5207 | D:5      | Noticed Ijyb
  5210 | D:5      | Killed Ijyb
  5274 | D:5      | Found a staircase to the Ecumenical Temple.
  5286 | Temple   | Entered the Ecumenical Temple
  5356 | Temple   | Became a worshipper of Sif Muna the Loreminder
  6205 | D:6      | Reached skill level 8 in Conjurations
  6210 | D:6      | Reached skill level 1 in Translocations
  6279 | D:6      | Reached skill level 2 in Translocations
  6298 | D:6      | Reached skill level 3 in Translocations
  6513 | D:6      | Reached skill level 4 in Translocations
  6600 | D:6      | Found an iron altar of Okawaru.
  6601 | D:6      | Found a shadowy altar of Dithmenos.
  6641 | D:6      | Reached XP level 9. HP: 41/46 MP: 21/24
  6715 | D:6      | Reached skill level 1 in Invocations
  6817 | D:6      | Found a burning altar of Makhleb.
  6828 | D:6      | Reached skill level 3 in Dodging
  6828 | D:6      | Reached skill level 3 in Stealth
  6898 | D:6      | Reached skill level 1 in Fighting
  7362 | D:6      | Reached skill level 2 in Invocations
  7394 | D:7      | Reached * piety under Sif Muna
  7530 | D:7      | Learned a level 5 spell: Freezing Cloud
  7607 | D:7      | Reached skill level 10 in Spellcasting
  7612 | D:7      | Reached skill level 4 in Dodging
  7696 | D:7      | Reached skill level 2 in Fighting
  7820 | D:7      | Reached skill level 3 in Invocations
  8022 | D:7      | Found a sacrificial altar of Ru.
  8147 | D:8      | Noticed Gastronok
  8149 | D:8      | Noticed Grum
  8159 | D:8      | Killed Grum
  8204 | D:8      | Found a staircase to the Lair.
  8518 | D:8      | Reached skill level 11 in Spellcasting
  8554 | D:8      | Reached skill level 5 in Dodging
  8627 | D:8      | Reached skill level 4 in Invocations
  8714 | D:8      | Reached XP level 10. HP: 55/55 MP: 20/27
  8728 | D:8      | Reached skill level 3 in Fighting
  9116 | D:8      | Reached ** piety under Sif Muna
  9125 | D:8      | Noticed Erica
  9137 | D:8      | Killed Erica
  9138 | D:8      | Reached skill level 12 in Spellcasting
  9221 | D:8      | You add the spells Cigotuvi's Dreadful Rot and Ignite
                  | Poison to your library.
  9328 | D:8      | Killed Gastronok
  9329 | D:8      | Reached skill level 4 in Fighting
  9329 | D:8      | Reached skill level 6 in Dodging
  9329 | D:8      | Reached skill level 6 in Invocations
  9860 | D:9      | Reached skill level 7 in Dodging
 10100 | D:9      | Found a basalt altar of Yredelemnul.
 10120 | D:9      | Reached skill level 7 in Invocations
 10192 | D:9      | Reached skill level 8 in Dodging
 10452 | D:9      | Found a radiant altar of Vehumet.
 10618 | D:10     | Entered Level 10 of the Dungeon
 10618 | D:10     | Noticed a gargoyle
 10621 | D:10     | Killed a gargoyle
 10622 | D:10     | Reached XP level 11. HP: 61/61 MP: 18/29
 10876 | D:10     | Identified the amulet of Hyrapib {RegenMP rPois rF+}
 10986 | D:10     | Reached skill level 8 in Invocations
 11001 | D:10     | Reached skill level 9 in Dodging
 11039 | D:10     | You pick up a book of Storms and begin reading...
 11039 | D:10     | You add the spells Static Discharge, Airstrike and Summon
                  | Lightning Spire to your library.
 11482 | D:11     | Noticed a two-headed ogre
 11526 | D:11     | Reached skill level 10 in Dodging
 11654 | D:11     | Reached skill level 1 in Ice Magic
 11663 | D:11     | Reached skill level 1 in Air Magic
 11730 | D:11     | Killed a two-headed ogre
 11730 | D:11     | Reached *** piety under Sif Muna
 11731 | D:11     | Reached skill level 2 in Ice Magic
 11731 | D:11     | Reached skill level 2 in Air Magic
 11875 | D:11     | Reached skill level 3 in Ice Magic
 11917 | D:11     | Reached skill level 3 in Air Magic
 11960 | D:11     | Reached skill level 4 in Ice Magic
 11975 | D:11     | Reached skill level 4 in Air Magic
 12056 | D:11     | Reached skill level 5 in Ice Magic
 12319 | D:11     | Reached skill level 6 in Ice Magic
 12375 | D:11     | Identified the +1 kite shield of Midwinter {Harm Str-4
                  | Int+4}
 12389 | D:11     | Reached **** piety under Sif Muna
 12503 | D:11     | Reached skill level 7 in Ice Magic
 12897 | D:12     | Reached skill level 9 in Conjurations
 12998 | D:12     | Reached XP level 12. HP: 66/66 MP: 12/30
 13071 | D:12     | Noticed a two-headed ogre
 13080 | D:12     | Killed a two-headed ogre
 13331 | D:12     | Reached ***** piety under Sif Muna
 13401 | D:12     | Reached skill level 10 in Conjurations
 13467 | D:12     | Found a staircase to the Orcish Mines.
 13590 | D:12     | Found a runed translucent gate.
 13592 | D:12     | Found a runed translucent gate.
 13592 | D:12     | Identified the +4 great mace of the Elven Halls {heavy,
                  | rPois rF++ rC- Dex+3}
 13592 | D:12     | Noticed a tengu warrior
 13593 | D:12     | Found a runed translucent gate.
 13593 | D:12     | Noticed a merfolk impaler
 13593 | D:12     | Identified the +8 bardiche of Feceucam {flame, *Slow rCorr
                  | SInv}
 13593 | D:12     | Noticed a tengu warrior
 13594 | D:12     | Noticed a centaur warrior
 13594 | D:12     | Noticed a tengu warrior
 13594 | D:12     | Noticed a naga warrior
 13594 | D:12     | Noticed geeko55's ghost (journeyman TrMo)
 13595 | D:12     | Noticed a naga warrior
 13608 | D:12     | Found an iron altar of Okawaru.
 13625 | D:12     | Received a gift from Sif Muna
 13626 | D:12     | You add the spells Ensorcelled Hibernation, Frozen
                  | Ramparts, Cause Fear, Silence and Enfeeble to your library.
 13626 | D:12     | Got Sif Muna's Precepts of Malisons and the Iceberg {god
                  | gift}
 13775 | D:12     | Reached skill level 4 in Stealth
 14102 | D:12     | Noticed a two-headed ogre
 14112 | D:12     | Killed a two-headed ogre
 14128 | D:12     | Noticed Nergalle
 14136 | D:12     | Killed Nergalle
 14265 | D:12     | Reached skill level 11 in Conjurations
 14321 | D:12     | Reached skill level 5 in Fighting
 14330 | D:12     | Reached skill level 9 in Invocations
 14387 | D:12     | Noticed a centaur warrior
 14393 | D:12     | Killed a centaur warrior
 14566 | D:12     | Reached skill level 12 in Conjurations
 14585 | D:12     | Noticed a tengu warrior
 14591 | D:12     | Killed a tengu warrior
 14988 | D:12     | Noticed Lodul
 14995 | D:12     | Reached XP level 13. HP: 72/72 MP: 16/31
 14997 | D:12     | Killed Lodul
 14998 | D:12     | Reached skill level 10 in Invocations
 15428 | Lair:1   | Entered Level 1 of the Lair of Beasts
 15469 | Lair:1   | Noticed Harold
 15479 | Lair:1   | Killed Harold
 15480 | Lair:1   | Reached skill level 13 in Conjurations
 15749 | Lair:1   | Found the +4 skin of Zhor {*Englaciate rC+++ SInv}
 16149 | Lair:1   | Reached skill level 14 in Conjurations
 16710 | Lair:2   | Found a staircase to the Swamp.
 17508 | Lair:3   | Reached skill level 15 in Conjurations
 17759 | Lair:3   | Found a hole to the Spider Nest.
 17849 | Lair:3   | Reached skill level 16 in Conjurations
 18307 | Lair:3   | You add the spells Gell's Gravitas, Teleport Other and
                  | Dispersal to your library.
 18698 | Lair:4   | Received a gift from Sif Muna
 18707 | Lair:4   | You add the spells Summon Small Mammal, Sublimation of
                  | Blood, Anguish, Animate Dead, Summon Mana Viper and Death
                  | Channel to your library.
 18707 | Lair:4   | Got Sif Muna's Writings on Assembled Nightshade {god gift}
 18750 | Lair:4   | Reached skill level 17 in Conjurations
 18899 | Lair:4   | Found a gate leading to a gauntlet.
 18908 | Gauntlet | Entered a Gauntlet
 18908 | Gauntlet | Found a transporter.
 18917 | Gauntlet | Found a transporter.
 18918 | Gauntlet | Found a transporter.
 18919 | Gauntlet | Found a transporter.
 18922 | Gauntlet | Found a transporter.
 18923 | Gauntlet | Found a transporter.
 18925 | Gauntlet | Noticed a quicksilver ooze
 18940 | Gauntlet | Found a transporter.
 18950 | Gauntlet | Found a transporter.
 18967 | Gauntlet | Found a transporter.
 18971 | Gauntlet | Found a transporter.
 18979 | Gauntlet | Found a transporter.
 19035 | Gauntlet | Found a transporter.
 19115 | Gauntlet | Reached XP level 14. HP: 78/78 MP: 21/32
 19117 | Gauntlet | Identified the ring "Weybyahi" {rPois rCorr Stlth+}
 19241 | Gauntlet | c - a +0 eveningstar of freezing {macerare=g}
 19247 | Gauntlet | You add the spells Lesser Beckoning, Portal Projectile and
                  | Passage of Golubria to your library.
 19247 | Gauntlet | Got the Anthology of Dislocation
 19256 | Gauntlet | You drop a +0 eveningstar of freezing {macerare=g}.
 19295 | Gauntlet | a +0 eveningstar of freezing {macerare=g}; a +4 trident of
                  | venom {polearm}; a dwarf skeleton
 19295 | Gauntlet | a +0 eveningstar of freezing {macerare=g}; a +4 trident of
                  | venom {polearm}; a dwarf skeleton
 19295 | Gauntlet | Could not pick up a +0 eveningstar of freezing {macerare=g}
                  | here; ([A]lways) ignore it?
 19540 | Lair:4   | Identified the ring of Ferghionu {rF+ rC- Int+6 Stlth+}
 20091 | Lair:5   | Entered Level 5 of the Lair of Beasts
 20198 | Lair:5   | Found a frozen archway.
 20329 | IceCv    | Entered an ice cave
 20333 | IceCv    | Reached skill level 18 in Conjurations
 20783 | IceCv    | Noticed a frost giant
 20803 | IceCv    | Killed a frost giant
 21084 | IceCv    | Reached skill level 19 in Conjurations
 21297 | IceCv    | Identified a potion of experience
 21299 | IceCv    | Reached skill level 20 in Conjurations
 21299 | IceCv    | Reached XP level 15. HP: 82/82 MP: 33/33
 21639 | Lair:5   | Received a gift from Sif Muna
 21640 | Lair:5   | You add the spells Inner Flame, Yara's Violent Unravelling,
                  | Ozocubu's Refrigeration and Polar Vortex to your library.
 21640 | Lair:5   | Got Sif Muna's Textbook on the Frozen Jinx {god gift}
 21653 | Lair:4   | Learned a level 7 spell: Ozocubu's Refrigeration
 21806 | Lair:5   | Reached skill level 8 in Ice Magic
 22383 | Lair:5   | Reached skill level 9 in Ice Magic
 22760 | Lair:5   | Found a staircase to the Slime Pits.
 22800 | Lair:5   | Reached skill level 10 in Ice Magic
 23599 | Orc:1    | Entered Level 1 of the Orcish Mines
 23695 | Orc:1    | Found a runed translucent door.
 23695 | Orc:1    | Noticed Lobster4's ghost (journeyman HOFi)
 23824 | D:13     | Noticed Frances
 23835 | D:13     | Killed Frances
 24092 | D:13     | Reached XP level 16. HP: 87/87 MP: 19/34
 24310 | D:13     | Reached skill level 11 in Ice Magic
 24376 | D:13     | Received a gift from Sif Muna
 24380 | D:13     | You add the spells Shock, Momentum Strike, Stone Arrow, Orb
                  | of Destruction and Summon Horrible Things to your library.
 24380 | D:13     | Got Osaemp's Spellbook of the Gathering and Outbursts {god
                  | gift}
 24456 | D:13     | Learned a level 7 spell: Orb of Destruction
 24532 | D:13     | Found a gate to the Vaults.
 24801 | D:14     | Reached skill level 12 in Ice Magic
 25287 | D:14     | Identified a scroll of acquirement
 25288 | D:14     | Acquired the Precepts of Atmospheric Pyromania
 25289 | D:14     | You add the spells Swiftness, Vhi's Electric Charge, Flame
                  | Wave, Starburst, Conjure Ball Lightning and Chain Lightning
                  | to your library.
 25304 | D:13     | Learned a level 3 spell: Swiftness
 25356 | D:14     | Reached skill level 13 in Ice Magic
 26128 | D:14     | You pick up a book of Rime and begin reading...
 26128 | D:14     | You add the spells Ice Form and Summon Ice Beast to your
                  | library.
 26412 | Orc:2    | Entered Level 2 of the Orcish Mines
 26420 | Orc:2    | Reached skill level 14 in Ice Magic
 26576 | Orc:2    | Reached ****** piety under Sif Muna
 26576 | Orc:2    | Received a gift from Sif Muna
 26577 | Orc:2    | You add the spells Slow and Leda's Liquefaction to your
                  | library.
 26577 | Orc:2    | Got Pueta's Papyrus of Relocation and Malediction {god
                  | gift}
 26694 | Orc:2    | Found a staircase to the Elven Halls.
 26954 | Orc:2    | Reached skill level 15 in Ice Magic
 27573 | Orc:2    | Received a gift from Sif Muna
 27574 | Orc:2    | You add the spells Kiss of Death, Foxfire, Hailstorm and
                  | Arcjolt to your library.
 27574 | Orc:2    | Got Weqorch's Elucidation of Battling {god gift}
 27726 | Orc:2    | Found Hifadupe's Antique Armour Boutique.
 27728 | Orc:2    | Found Tyloz's Assorted Antiques.
 27842 | Orc:2    | Found Iggaarum's Jewellery Emporium.
 27875 | Orc:2    | Found Zauss's Antique Weapon Shop.
 28226 | D:15     | Entered Level 15 of the Dungeon
 29067 | D:15     | Found a staircase to the Depths.
 29143 | D:15     | Reached XP level 17. HP: 92/92 MP: 3/35
 29601 | Spider:1 | Entered Level 1 of the Spider Nest
 29654 | Spider:1 | Found a transporter.
 29920 | Spider:1 | Reached skill level 16 in Ice Magic
 29986 | Spider:1 | Found a transporter.
 31066 | Spider:2 | Reached skill level 6 in Fighting
 31068 | Spider:2 | Reached skill level 11 in Dodging
 31114 | Spider:2 | Reached skill level 13 in Spellcasting
 31285 | Spider:2 | Identified the +2 tower shield of Hurav {Int+4}
 31285 | Spider:2 | Noticed Louise
 31299 | Spider:2 | Killed Louise
 31531 | Spider:2 | Reached skill level 11 in Invocations
 31739 | Spider:2 | Received a gift from Sif Muna
 31740 | Spider:2 | You add the spells Volatile Blastmotes, Fireball and Storm
                  | Form to your library.
 31740 | Spider:2 | Got Sif Muna's Octavo of Therianthropy and Soot {god gift}
 32008 | Spider:2 | Acquired a book of Winter
 32009 | Spider:2 | You pick up a book of Winter and begin reading...
 32009 | Spider:2 | You add the spells Ozocubu's Armour, Metabolic Englaciation
                  | and Simulacrum to your library.
 32014 | Spider:2 | Learned a level 3 spell: Ozocubu's Armour
 33050 | Spider:3 | Reached skill level 17 in Ice Magic
 33394 | Spider:3 | Noticed Nikola
 33400 | Spider:3 | Killed Nikola
 33842 | Spider:3 | Received a gift from Sif Muna
 33843 | Spider:3 | Got Sif Muna's Secrets of Wild Malediction {god gift}
 34025 | Spider:4 | Entered Level 4 of the Spider Nest
 34106 | Spider:4 | Reached skill level 12 in Dodging
 34164 | Spider:4 | Reached skill level 7 in Fighting
 34222 | Spider:4 | Reached skill level 14 in Spellcasting
 34708 | Spider:4 | Reached XP level 18. HP: 101/101 MP: 29/38
 34815 | Spider:4 | You add the spells Alistair's Intoxication, Borgnjor's Vile
                  | Clutch and Eringya's Noxious Bog to your library.
 34900 | Spider:4 | Reached skill level 1 in Shields
 34976 | Spider:4 | Received a gift from Sif Muna
 34977 | Spider:4 | Reached skill level 18 in Ice Magic
 34979 | Spider:4 | You add the spells Animate Armour, Irradiate and Iron Shot
                  | to your library.
 34979 | Spider:4 | Got Lebro's Incunabulum of Flesh and the Volcano {god gift}
 34988 | Spider:3 | Learned a level 5 spell: Irradiate
 35392 | Spider:4 | Reached skill level 1 in Transmutations
 35607 | Spider:4 | Reached skill level 2 in Shields
 35711 | Spider:4 | Reached skill level 2 in Transmutations
 35985 | Spider:4 | Got a gossamer rune of Zot
 36123 | Swamp:1  | Entered Level 1 of the Swamp
 36125 | Swamp:1  | Noticed Kirke
 36170 | Swamp:1  | Killed Kirke
 36171 | Swamp:1  | Reached skill level 3 in Transmutations
 36257 | Swamp:1  | Reached skill level 8 in Fighting
 36257 | Swamp:1  | Reached skill level 15 in Spellcasting
 36275 | Lair:2   | Reached skill level 3 in Shields
 36668 | Swamp:1  | Reached skill level 4 in Transmutations
 36819 | Swamp:1  | You fall into a shaft and drop 1 floor!
 36821 | Swamp:2  | Received a gift from Sif Muna
 36822 | Swamp:2  | You add the spells Passwall, Sticky Flame and Fire Storm to
                  | your library.
 36822 | Swamp:2  | Got Lownessak's Volume of the Changing Fifth Circle {god
                  | gift}
 36875 | Swamp:2  | Reached skill level 19 in Ice Magic
 37047 | Swamp:2  | Identified the +1 leather armour of the Hungering Gods {rC+
                  | Slay+3}
 37166 | Swamp:2  | Reached skill level 4 in Shields
 37790 | Swamp:3  | Identified the +8 falchion of the Inferno {freeze, Str+4}
 37885 | Swamp:3  | Noticed Jorgrun
 37889 | Swamp:3  | Killed Jorgrun
 37973 | Swamp:3  | Noticed Mlioglotl
 37978 | Swamp:3  | Killed Mlioglotl
 38222 | Swamp:3  | Reached skill level 5 in Shields
 38379 | Swamp:3  | Reached skill level 20 in Ice Magic
 38379 | Swamp:3  | Reached XP level 19. HP: 81/107 MP: 26/40
 39182 | Swamp:4  | Entered Level 4 of the Swamp
 39249 | Swamp:4  | Received a gift from Sif Muna
 39250 | Swamp:4  | Got Sif Muna's Anthology of Lightning {god gift}
 39354 | Swamp:4  | Noticed Aizul
 39359 | Swamp:4  | Killed Aizul
 39360 | Swamp:4  | Reached skill level 21 in Ice Magic
 39726 | Swamp:4  | You pick up a book of Unlife and begin reading...
 40311 | Swamp:4  | Noticed the 27-headed Lernaean hydra
 40329 | Swamp:4  | Killed the 27-headed Lernaean hydra
 40592 | Swamp:4  | Reached skill level 22 in Ice Magic
 40964 | Swamp:4  | Got a decaying rune of Zot
 41383 | Elf:1    | Entered Level 1 of the Elven Halls
 41410 | Elf:1    | Noticed Agnes
 41432 | Elf:1    | Received a gift from Sif Muna
 41434 | Elf:1    | Killed Agnes
 41496 | Elf:1    | You pick up a book of Transfigurations {@e2} and begin
                  | reading...
 41496 | Elf:1    | You add the spells Blade Hands and Dragon Form to your
                  | library.
 41926 | Elf:1    | Noticed Zenata
 41935 | Elf:1    | Killed Zenata
 42605 | Elf:1    | Reached skill level 23 in Ice Magic
 42633 | Elf:1    | Found Ifaon's Antique Weapon Emporium.
 43014 | Elf:2    | Got Durchae's Book of Wounds and Geomancy
 43268 | Elf:2    | You add the spells Blink and Manifold Assault to your
                  | library.
 43728 | Elf:2    | Found a huge runed translucent gate.
 43728 | Elf:2    | Found a huge runed translucent gate.
 43728 | Elf:2    | Found a huge runed translucent gate.
 43728 | Elf:2    | Found a huge runed translucent gate.
 43729 | Elf:2    | Found a huge runed translucent gate.
 44093 | Elf:3    | Entered Level 3 of the Elven Halls
 44097 | Elf:3    | Reached XP level 20. HP: 112/112 MP: 27/41
 44276 | Elf:3    | Received a gift from Sif Muna
 44277 | Elf:3    | You pick up a book of Fire and begin reading...
 44428 | Elf:3    | Reached skill level 6 in Shields
 44584 | Elf:3    | Reached skill level 24 in Ice Magic
 44780 | Elf:3    | Identified the ring "Zigaec" {rElec rPois rF+ AC+4 Dex+3}
 44851 | Elf:3    | You pick up a book of Spectacle and begin reading...
 44857 | Elf:3    | You pick up a book of Alchemy and begin reading...
 44877 | Elf:3    | Identified the ring of Scepticism {rPois rCorr}
 44924 | Elf:3    | Identified the +4 plate armour of the Untouchables {Rampage
                  | *Corrode rPois Dex+6}
 45273 | Elf:3    | Found Fiozax's Assorted Antiques.
 45282 | Elf:3    | Found a transporter.
 45284 | Elf:3    | Found Ydozoucu's Book Boutique.
 45342 | Elf:3    | Found Urrinnio's Antique Weapon Boutique.
 45359 | Elf:3    | Found Ezan's Assorted Antiques.
 45457 | Elf:3    | Found a runed translucent gate.
 45457 | Elf:3    | Found a runed translucent gate.
 45457 | Elf:3    | Found a runed translucent gate.
 45457 | Elf:3    | Noticed Piot's ghost (adept DsFi)
 45460 | Elf:3    | Noticed Zikhlim's ghost (journeyman MiFi)
 45461 | Elf:3    | Noticed Qiokh's ghost (veteran MiBe)
 45577 | Elf:3    | Found Ytuw's General Store.
 45625 | Elf:3    | Found a transporter.
 45887 | Vaults:1 | Entered Level 1 of the Vaults
 46238 | Vaults:1 | You add the spells Sandblast and Scorch to your library.
 46238 | Vaults:1 | Got the Parchment of Geological Wildfire
 46245 | Vaults:1 | Got The Lost Testament of Boris
 46272 | Vaults:1 | Learned a level 9 spell: Polar Vortex
 46293 | Vaults:1 | Found Xyzenub's Magic Scroll Emporium.
 46510 | Vaults:1 | Reached skill level 25 in Ice Magic
 46652 | Vaults:1 | Found Keluocre's Magic Scroll Emporium.
 46690 | Vaults:1 | Bought a scroll of blinking for 112 gold pieces
 46690 | Vaults:1 | Bought a scroll of summoning for 142 gold pieces
 46733 | Vaults:1 | Received a gift from Sif Muna
 46734 | Vaults:1 | You add the spells Tukima's Dance, Summon Guardian Golem
                  | and Discord to your library.
 46734 | Vaults:1 | Got Wiesay's Compilation of Maleficia {god gift}
 47674 | Vaults:1 | Reached skill level 9 in Hexes
 47794 | Vaults:1 | Found Mevvyg's Magic Scroll Shoppe.
 47802 | Vaults:1 | Bought a scroll of summoning for 190 gold pieces
 47811 | Vaults:1 | Found Quysa's Antique Weapon Boutique.
 48187 | Vaults:2 | You pick up a book of Annihilations and begin reading...
 48297 | Vaults:2 | You pick up a book of Spatial Translocations and begin
                  | reading...
 48534 | Vaults:2 | You pick up a book of the Wilderness and begin reading...
 48534 | Vaults:2 | You add the spells Summon Forest and Summon Cactus Giant to
                  | your library.
 48619 | Vaults:2 | Reached skill level 10 in Hexes
 48776 | Vaults:2 | Found a crumbling gateway.
 48875 | Vaults:2 | Received a gift from Sif Muna
 48876 | Vaults:2 | You add the spells Freeze and Spellforged Servitor to your
                  | library.
 48876 | Vaults:2 | Got Sif Muna's Meditations on the Bright Iceberg {god gift}
 49255 | Vaults:2 | Reached XP level 21. HP: 95/117 MP: 34/42
 49323 | Vaults:2 | Reached skill level 11 in Hexes
 50113 | Vaults:2 | Reached skill level 12 in Hexes
 50472 | Vaults:2 | Reached skill level 16 in Spellcasting
 51033 | Vaults:3 | Reached skill level 13 in Hexes
 51307 | Vaults:3 | Reached skill level 26 in Ice Magic
 51363 | Vaults:3 | Received a gift from Sif Muna
 51366 | Vaults:3 | You add the spells Vampiric Draining, Agony and Haunt to
                  | your library.
 51366 | Vaults:3 | Got Sif Muna's Catalogue of Enthralling Despair {god gift}
 51434 | Vaults:3 | Reached skill level 14 in Hexes
 51555 | Vaults:3 | HP: 20/99 [revenant/ghostly fireball (24)]
 51692 | Vaults:3 | Found a staircase to the Crypt.
 51703 | Vaults:3 | Found Jafav's Weapon Shop.
 51727 | Vaults:3 | Bought the +3 Elemental Staff {rElec rF+ rC+ AC+3} for 1084
                  | gold pieces
 51727 | Vaults:3 | Found the +3 Elemental Staff {rElec rF+ rC+ AC+3}
 51905 | Vaults:3 | Found Umaph's Assorted Antiques.
 51916 | Vaults:3 | Reached skill level 15 in Hexes
 51934 | Vaults:3 | Bought a runed helmet for 345 gold pieces
 52362 | Vaults:3 | You pick up a book of Rime and begin reading...
 52412 | Vaults:3 | You fall into a shaft and drop 1 floor!
 52532 | Vaults:4 | Reached skill level 16 in Hexes
 52606 | Vaults:4 | Learned a level 8 spell: Discord
 52974 | Vaults:3 | Identified the ring "Baysm" {Ice Fly Str+2 Dex+3}
 53271 | Vaults:3 | Found Diomasou's Armour Emporium.
 53295 | Vaults:3 | Reached skill level 17 in Hexes
 53608 | Vaults:3 | Received a gift from Sif Muna
 53611 | Vaults:3 | Got Sif Muna's Codex of Bewitchment {god gift}
 53866 | Vaults:3 | Identified the +0 short sword of the Ubiquitous God {flame,
                  | rN++ Str+4 Dex-2}
 54456 | Vaults:4 | Reached skill level 18 in Hexes
 54645 | Vaults:4 | Reached XP level 22. HP: 90/122 MP: 21/44
 54769 | Vaults:4 | Identified the +2 morningstar "Dragon's Tongue" {freeze,
                  | Str+2 Dex+4}
 54849 | Vaults:4 | You pick up a book of the Warp and begin reading...
 55621 | Depths:1 | Entered Level 1 of the Depths
 56039 | Depths:1 | Found a gateway to Hell.
 56526 | Depths:1 | Found a one-way gate leading to the halls of Pandemonium.
 56528 | Depths:1 | Received a gift from Sif Muna
 56529 | Depths:1 | You pick up a book of the Spheres and begin reading...
 57209 | Depths:1 | You pick up a book of Conjurations {@e2} and begin
                  | reading...
 57711 | Depths:1 | Found a one-way gate to the infinite horrors of the Abyss.
 57736 | Depths:2 | Reached skill level 13 in Dodging
 57770 | Depths:2 | Found a transporter.
 57772 | Depths:2 | Found a transporter.
 57840 | Depths:2 | Found a transporter.
 57908 | Depths:2 | Reached skill level 19 in Hexes
 58066 | Depths:2 | Found a transporter.
 58066 | Depths:2 | Found a one-way gateway to a ziggurat.
 58110 | Depths:2 | Found a transporter.
 58140 | Depths:2 | Reached skill level 17 in Spellcasting
 58154 | Depths:2 | Reached skill level 9 in Fighting
 58773 | Depths:2 | a fenstrider witch changed into a caustic shrike
 58773 | Depths:2 | Noticed a caustic shrike (glowing shapeshifter)
 58778 | Depths:2 | a caustic shrike changed into an acid blob
 59541 | Depths:3 | Found a magical portal.
 59751 | Depths:3 | You fall into a shaft and drop 1 floor!
 59751 | Depths:4 | Entered Level 4 of the Depths
 60120 | Depths:3 | Reached skill level 14 in Dodging
 60177 | Depths:3 | Noticed a golden dragon
 60187 | Depths:3 | Killed a golden dragon
 60323 | Depths:3 | Reached skill level 18 in Spellcasting
 61640 | Depths:3 | Received a gift from Sif Muna
 61641 | Depths:3 | Got Sif Muna's Dissertation on Dark Words and Glamour {god
                  | gift}
 61793 | Depths:3 | Noticed Margery
 61806 | Depths:3 | Killed Margery
 61822 | Depths:3 | Reached skill level 19 in Spellcasting
 61993 | Depths:3 | Got the Atlas of Frostbite and Shifting
 62208 | Depths:3 | Learned a level 7 spell: Enfeeble
 62552 | Depths:4 | +0 shadow dragon scales {rare}; a shadow dragon corpse
 62643 | Depths:4 | +0 shadow dragon scales {rare}; a shadow dragon corpse
 63231 | Depths:4 | Reached skill level 20 in Spellcasting
 63557 | Depths:4 | Reached XP level 23. HP: 129/129 MP: 41/49
 63823 | Depths:4 | +0 shadow dragon scales {rare}; a shadow dragon corpse
 63823 | Depths:4 | +0 shadow dragon scales {rare}; a shadow dragon corpse
 63823 | Depths:4 | Could not pick up +0 shadow dragon scales {rare} here;
                  | ([A]lways) ignore it?
 63888 | Depths:4 | +0 shadow dragon scales {rare}; a shadow dragon skeleton
 63929 | Depths:4 | +0 shadow dragon scales {rare}; a shadow dragon skeleton
 63965 | Depths:4 | Found a gate to the Realm of Zot.
 64510 | Vaults:5 | Entered Level 5 of the Vaults
 64514 | Vaults:5 | Reached skill level 21 in Spellcasting
 64514 | Vaults:5 | Received a gift from Sif Muna
 64531 | Vaults:5 | Reached skill level 22 in Spellcasting
 64536 | Vaults:5 | Got Sif Muna's Catalogue of the White Tektite {god gift}
 64727 | Vaults:5 | Reached skill level 23 in Spellcasting
 64953 | Vaults:5 | You pick up a book of Flames and begin reading...
 65018 | Vaults:5 | Got a silver rune of Zot
 65221 | Vaults:5 | Learned a level 5 spell: Yara's Violent Unravelling
 65307 | Vaults:5 | Found Boqa's Jewellery Shoppe.
 65323 | Vaults:5 | Found Qait's Antique Armour Shop.
 65335 | Vaults:5 | Reached skill level 24 in Spellcasting
 65341 | Vaults:5 | Received a gift from Sif Muna
 65342 | Vaults:5 | You add the spells Dispel Undead and Death's Door to your
                  | library.
 65342 | Vaults:5 | Got Sif Muna's Thoughts on Evil Cryomancy {god gift}
 65469 | Vaults:5 | Identified +0 gold dragon scales
 66060 | Vaults:5 | Reached skill level 25 in Spellcasting
 66579 | Vaults:5 | Could not pick up +0 gold dragon scales {rare} here;
                  | ([A]lways) ignore it?
 67492 | D:5      | Killed Crazy Yiuf
 67666 | D:12     | Killed geeko55's ghost
 67825 | Orc:1    | Killed Lobster4's ghost
 68037 | Elf:3    | Killed Zikhlim's ghost
 68154 | Elf:3    | Killed Piot's ghost
 68184 | Elf:3    | Killed Qiokh's ghost
 68185 | Elf:3    | Reached XP level 24. HP: 134/135 MP: 19/54
 68261 | Elf:3    | Reached skill level 26 in Spellcasting
 68261 | Elf:3    | Reached XP level 25. HP: 140/140 MP: 54/55
 68577 | Zot:1    | Entered Level 1 of the Realm of Zot
 68588 | Zot:1    | Received a gift from Sif Muna
 68589 | Zot:1    | You pick up a book of Cantrips and begin reading...
 68589 | Zot:1    | You add the spells Necrotise and Apportation to your
                  | library.
 68823 | Zot:1    | Reached skill level 27 in Spellcasting
 69040 | Zot:1    | Identified +0 gold dragon scales
 69616 | Zot:1    | Could not pick up +0 storm dragon scales {rare} here;
                  | ([A]lways) ignore it?
 70169 | Zot:2    | Found a large runed translucent door.
 70170 | Zot:2    | Found a large runed translucent door.
 70171 | Zot:2    | Found a large runed translucent door.
 70171 | Zot:2    | Found a shimmering altar of Xom.
 70174 | Zot:2    | Noticed a Killer Klown
 70175 | Zot:2    | Reached skill level 15 in Dodging
 70752 | Zot:2    | Noticed a Killer Klown
 70759 | Zot:2    | Killed a Killer Klown
 70804 | Zot:2    | Reached skill level 10 in Fighting
 70851 | Zot:2    | Found a large runed translucent door.
 70851 | Zot:2    | Identified the +1 great mace of Distraction {drain, *Rage
                  | rElec rF+++ Will+}
 70998 | Zot:2    | Killed a Killer Klown
 71353 | Zot:2    | Noticed a Killer Klown
 71353 | Zot:2    | Identified the +6 hand crossbow of the Past {chaos, rF+
                  | Int+6}
 71354 | Zot:2    | Identified the +0 longbow of Inconvenience {chaos, +Blink
                  | rF++ Will- Str+2}
 71439 | Zot:2    | Found a large runed translucent door.
 71439 | Zot:2    | Found a large runed translucent door.
 71442 | Zot:2    | Noticed a Killer Klown
 71445 | Zot:2    | Killed a Killer Klown
 71524 | Zot:2    | Found a large runed translucent door.
 71525 | Zot:2    | Received a gift from Sif Muna
 71529 | Zot:2    | Killed a Killer Klown
 71652 | Zot:2    | You pick up a book of Changes and begin reading...
 71652 | Zot:2    | You add the spells Beastly Appendage, Wereblood and Spider
                  | Form to your library.
 71674 | Zot:2    | Found a large runed translucent door.
 71802 | Zot:2    | Reached skill level 16 in Dodging
 71947 | Zot:2    | Noticed a Killer Klown
 71953 | Zot:2    | Killed a Killer Klown
 72152 | Zot:2    | Identified the +0 ring mail of Gallantry {+Blink} (You took
                  | it off a guardian mummy on level 2 of the Realm of Zot)
 72297 | Zot:2    | You pick up a book of the Hunter and begin reading...
 72625 | Zot:3    | Identified +0 gold dragon scales
 72710 | Zot:3    | Reached skill level 11 in Fighting
 73191 | Zot:3    | +0 gold dragon scales {rare}; a +1 heavy war axe {axe}
 73296 | Zot:3    | Found a transporter.
 73300 | Zot:3    | Found a shimmering blue altar of Sif Muna.
 73363 | Zot:3    | Reached skill level 17 in Dodging
 73545 | Zot:3    | Noticed an electric golem
 73555 | Zot:3    | Killed an electric golem
 73839 | Zot:3    | Received a gift from Sif Muna
 73867 | Zot:3    | Reached skill level 12 in Invocations
 73981 | Zot:3    | Identified +0 gold dragon scales
 74100 | Zot:3    | +0 gold dragon scales {rare}; a golden dragon corpse
 74138 | Zot:3    | +0 gold dragon scales {rare}; a golden dragon corpse
 74212 | Zot:3    | Found the +4 dragonskin cloak
 74212 | Zot:3    | Noticed Tiamat
 74212 | Zot:3    | Tiamat, Avatar of the Dragonlord comes into view. She is
                  | wielding a +1 bardiche of freezing and wearing the +4
                  | dragonskin cloak.
 74248 | Zot:3    | +0 gold dragon scales {rare}; a golden dragon skeleton
 74252 | Zot:3    | Found a transporter.
 74258 | Zot:3    | Reached skill level 13 in Invocations
 74259 | Zot:3    | Noticed a curse toe
 74269 | Zot:3    | HP: 29/147 [deathcap[a curse toe] (18)]
 74271 | Zot:3    | HP: 12/147 [deathcap[a curse toe] (7)]
 74277 | Zot:3    | Noticed an orb of fire
 74277 | Zot:3    | Noticed a dread lich
 74282 | Zot:3    | Killed an orb of fire
 74283 | Zot:3    | Reached XP level 26. HP: 100/152 MP: 30/56
 74283 | Zot:3    | Noticed an ancient lich
 74551 | Zot:3    | Aim: Tiamat, wielding a +1 bardiche of freezing and wearing
                  | the +4 dragonskin cloak (wandering, hasn't noticed you)
 74551 | Zot:3    | Aim: Tiamat, wielding a +1 bardiche of freezing and wearing
                  | the +4 dragonskin cloak (wandering, hasn't noticed you)
 74552 | Zot:3    | Aim: Tiamat, wielding a +1 bardiche of freezing and wearing
                  | the +4 dragonskin cloak (ally target)
 74552 | Zot:3    | Aim: Tiamat, wielding a +1 bardiche of freezing and wearing
                  | the +4 dragonskin cloak (ally target)
 74553 | Zot:3    | Aim: Tiamat, wielding a +1 bardiche of freezing and wearing
                  | the +4 dragonskin cloak (catching her breath, ally target)
 74553 | Zot:3    | Aim: Tiamat, wielding a +1 bardiche of freezing and wearing
                  | the +4 dragonskin cloak (catching her breath, ally target)
 74554 | Zot:3    | Aim: Tiamat, wielding a +1 bardiche of freezing and wearing
                  | the +4 dragonskin cloak (poison gas, catching her breath,
                  | ally target)
 74554 | Zot:3    | Aim: Tiamat, wielding a +1 bardiche of freezing and wearing
                  | the +4 dragonskin cloak (poison gas, catching her breath,
                  | ally target)
 74555 | Zot:3    | Aim: Tiamat, wielding a +1 bardiche of freezing and wearing
                  | the +4 dragonskin cloak (lightly wounded, ally target)
 74555 | Zot:3    | Aim: Tiamat, wielding a +1 bardiche of freezing and wearing
                  | the +4 dragonskin cloak (lightly wounded, ally target)
 74556 | Zot:3    | Aim: Tiamat, wielding a +1 bardiche of freezing and wearing
                  | the +4 dragonskin cloak (heavily wounded, ally target)
 74556 | Zot:3    | Aim: Tiamat, wielding a +1 bardiche of freezing and wearing
                  | the +4 dragonskin cloak (heavily wounded, ally target)
 74557 | Zot:3    | Aim: Tiamat, wielding a +1 bardiche of freezing and wearing
                  | the +4 dragonskin cloak (heavily wounded, catching her
                  | breath, ally target)
 74557 | Zot:3    | Aim: Tiamat, wielding a +1 bardiche of freezing and wearing
                  | the +4 dragonskin cloak (heavily wounded, catching her
                  | breath, ally target)
 74558 | Zot:3    | Aim: Tiamat, wielding a +1 bardiche of freezing and wearing
                  | the +4 dragonskin cloak (severely wounded, catching her
                  | breath, ally target)
 74558 | Zot:3    | Aim: Tiamat, wielding a +1 bardiche of freezing and wearing
                  | the +4 dragonskin cloak (severely wounded, catching her
                  | breath, ally target)
 74558 | Zot:3    | Killed Tiamat
 74559 | Zot:3    | Reached skill level 12 in Fighting
 74805 | Zot:3    | You pick up a book of Necromancy and begin reading...
 74958 | Zot:3    | Found a runed translucent gate.
 74958 | Zot:3    | Found a runed translucent gate.
 74959 | Zot:3    | Found a runed translucent gate.
 74959 | Zot:3    | Noticed a curse toe
 74960 | Zot:3    | Noticed an electric golem
 74961 | Zot:3    | Noticed an orb of fire
 74961 | Zot:3    | Noticed Vapuhis's ghost (adept MiFi)
 74961 | Zot:3    | Noticed an electric golem
 74962 | Zot:3    | Noticed an orb of fire
 75135 | Zot:3    | +0 gold dragon scales {rare}; a +1 heavy war axe {axe}; a
                  | +0 cloak
 75225 | Zot:4    | Reached skill level 18 in Dodging
 75283 | Zot:4    | Reached skill level 14 in Invocations
 75756 | Zot:4    | quicksilver dragon scales {rare}; a quicksilver dragon
                  | corpse
 75986 | Zot:4    | quicksilver dragon scales {rare}; a quicksilver dragon
                  | skeleton
 75986 | Zot:4    | quicksilver dragon scales {rare}; a quicksilver dragon
                  | skeleton
 75986 | Zot:4    | Could not pick up quicksilver dragon scales {rare} here;
                  | ([A]lways) ignore it?
 76039 | Zot:4    | Noticed an electric golem
 76042 | Zot:4    | Killed an electric golem
 76224 | Zot:4    | +0 storm dragon scales {rare}; a storm dragon corpse
 76230 | Zot:4    | +0 storm dragon scales {rare}; a storm dragon corpse
 76457 | Zot:4    | Noticed a curse toe
 76569 | Zot:4    | Killed a curse toe
 76569 | Zot:4    | Received a gift from Sif Muna
 76570 | Zot:4    | You add the spells Sting and Olgreb's Toxic Radiance to
                  | your library.
 77004 | Zot:5    | Entered Level 5 of the Realm of Zot
 77007 | Zot:5    | Identified +0 gold dragon scales
 77135 | Zot:5    | Reached skill level 19 in Dodging
 77148 | Zot:5    | Reached skill level 13 in Fighting
 77250 | Zot:5    | Noticed an ancient lich
 77256 | Zot:5    | Killed an ancient lich
 77291 | Zot:5    | Noticed an electric golem
 77293 | Zot:5    | Noticed a dread lich
 77624 | Zot:5    | Killed an electric golem
 77976 | Zot:5    | Killed a dread lich
 78028 | Zot:5    | Noticed an orb of fire
 78033 | Zot:5    | Killed an orb of fire
 78090 | Zot:5    | Noticed an ancient lich
 78090 | Zot:5    | Noticed an ancient lich
 78094 | Zot:5    | Noticed an ancient lich
 78102 | Zot:5    | HP: 6/157 [ancient lich/bolt of acid (80)]
 78103 | Zot:5    | Killed from afar by an ancient lich

Vanquished Creatures
  Tiamat (Zot:3)
  An ancient lich (Zot:5)
  A dread lich (Zot:5)
  An orb of fire (Zot:5)
  the Lernaean hydra (Swamp:4)
  6 Killer Klowns
  Margery (Depths:3)
  The ghost of Qiokh the Slayer, a veteran MiBe of Trog (Elf:3)
  A curse toe (Zot:4)
  Nikola (Spider:3)
  11 golden dragons
  3 electric golems
  Jorgrun (Swamp:3)
  Zenata (Elf:1)
  A lich (Vaults:1)
  17 tentacled monstrosities
  4 quicksilver dragons
  An Orb Guardian (Zot:5)
  Mlioglotl (Swamp:3)
  6 titans
  2 deep elf master archers (Elf:3)
  2 deep elf blademasters (Elf:3)
  10 death cobs
  5 sphinxes
  4 thorn hunters
  The ghost of Piot the Severer, an adept DsFi of Jiyva (Elf:3)
  Frances (D:13)
  Gastronok (D:8)
  Kirke (Swamp:1)
  Agnes (Elf:1)
  5 shadow dragons
  A revenant (Vaults:3)
  12 storm dragons
  6 draconian monks
  4 tengu reavers
  2 fenstrider witches (Swamp:3)
  A draconian knight (Zot:3)
  4 fire giants
  The ghost of Zikhlim the Peltast, a journeyman MiFi of Cheibriados (Elf:3)
  6 frost giants
  8 emperor scorpions
  An iron dragon (Depths:3)
  15 vault wardens
  Aizul (Swamp:4)
  10 deep elf sorcerers
  6 draconian shifters
  3 orc warlords
  6 ghost moths
  3 draconian scorchers
  Louise (Spider:2)
  4 deep elf elementalists
  4 draconian stormcallers
  A draconian annihilator (Zot:2)
  5 ironbound thunderhulks
  A caustic shrike skeleton (Depths:2)
  5 very ugly things
  2 broodmothers (Spider:2)
  5 green draconians
  7 stone giants
  4 eleionomae
  13 ironbound preservers
  A vampire knight (Depths:3)
  5 deep elf demonologists
  12 deep elf annihilators
  7 black draconians
  8 white draconians
  6 yellow draconians
  9 red draconians
  14 dire elephants
  A minotaur (Gauntlet)
  8 purple draconians
  The ghost of Lobster4 the Cleaver, a journeyman HOFi of Nemelex Xobeh (Orc:1)
  13 spark wasps
  6 bunyips
  2 green deaths (Swamp:4)
  7 deep elf death magi
  3 entropy weavers
  A merfolk impaler (D:12)
  7 ettins
  6 fire dragons
  2 shambling mangroves (Swamp:3)
  11 yaktaur captains
  2 jiangshi (Depths:3)
  A rakshasa (Depths:1)
  18 vault guards
  4 deep elf high priests
  3 ice dragons
  6 great orbs of eyes
  2 catoblepae
  Harold (Lair:1)
  A jorogumo (Spider:4)
  4 ghost crabs
  3 spriggan air magi
  A hell beast (Swamp:4)
  19 hydras
  6 ironbound frosthearts
  5 ogre magi
  18 centaur warriors
  5 alligators
  Erica (D:8)
  3 boulder beetles
  6 radroaches
  16 dancing weapons
  A naga warrior (D:12)
  4 tengu warriors
  13 two-headed ogres
  A deep troll shaman (Depths:2)
  9 death yaks
  5 deep troll earth magi
  A titan zombie (D:15)
  A vampire mage (D:15)
  A thrashing horror (Swamp:4)
  An orc high priest (Orc:2)
  A spriggan berserker (Swamp:4)
  A storm dragon zombie (Depths:2)
  A sun demon (Depths:1)
  A hell knight (Depths:3)
  10 deep elf knights
  4 iron trolls
  Nergalle (D:12)
  A sixfirhy (Depths:1)
  11 skeletal warriors
  12 pharaoh ants
  Lodul (D:12)
  39 deep trolls
  4 spriggan druids
  9 goliath frogs
  A deep troll (shapeshifter) (Vaults:5)
  A flayed ghost (Depths:2)
  2 glowing orange brains (Depths:3)
  An orb spider (shapeshifter) (Vaults:5)
  10 orb spiders
  3 tengu zombies
  A phantasmal warrior (Vaults:3)
  7 bog bodies
  5 steelbarb worms
  5 deep elf archers
  Pikel (D:3)
  7 wizards
  10 lindwurms
  5 harpies (Vaults:2)
  26 deep elf pyromancers
  12 deep elf zephyrmancers
  17 ironbound convokers
  10 orc knights
  12 swamp dragons
  21 ugly things
  8 necromancers
  25 wolf spiders
  A mana viper (shapeshifter) (Vaults:5)
  A frost giant zombie (Depths:2)
  A stone giant zombie (Vaults:2)
  2 golden dragon skeletons (Depths:2)
  2 orc sorcerers (Orc:2)
  4 will-o-the-wisps
  2 manticores (D:12)
  10 cyclopes
  28 moths of wrath
  9 vault sentinels
  An ice statue (IceCv)
  11 elephants
  A naga mage (Vaults:1)
  5 black mambas
  2 frost giant skeletons
  9 demonic crawlers
  17 eyes of devastation (Depths:3)
  10 cane toads
  6 large abominations
  3 unseen horrors
  3 torpor snails
  6 orange demons
  2 smoke demons (Depths:1)
  A hellion (Depths:1)
  6 gargoyles
  37 yaktaurs
  3 freezing wraiths
  14 rime drakes
  2 efreet
  An ice devil (Depths:1)
  A tengu conjurer (Elf:1)
  9 komodo dragons
  2 kobold demonologists
  9 trolls
  4 bloated husks
  3 meliai (Spider:1)
  11 polar bears
  20 hornets
  10 tyrant leeches
  32 tarantellas
  A hornet (shapeshifter) (D:14)
  A wolf spider simulacrum (D:15)
  9 saltlings (Orc:2)
  Grinder (D:4)
  A stone giant simulacrum (Vaults:3)
  9 blink frogs
  An air elemental (Elf:1)
  An ettin zombie (Vaults:3)
  2 centaur simulacra
  27 spriggans
  A jumping spider (shapeshifter) (Vaults:5)
  23 culicivoras
  32 jumping spiders
  63 slime creatures
  A vampire (D:7)
  3 wyverns
  4 wraiths
  4 shadows
  Eustachio (D:4)
  6 basilisks
  4 hogs (Swamp:1)
  54 yaks
  3 steam dragons
  An elf zombie (Vaults:3)
  16 fire elementals (Zot:1)
  Grum (D:8)
  3 golden eyes (Depths:3)
  2 spatial vortices (Vaults:1)
  46 redbacks
  A yaktaur simulacrum (Vaults:2)
  16 swamp worms
  2 chaos spawn (Depths:1)
  14 vampire mosquitoes
  7 wargs
  A glowing shapeshifter zombie (D:15)
  2 human zombies
  3 acid dragons
  A swamp worm (shapeshifter) (Vaults:2)
  13 water moccasins
  A floating eye (Depths:4)
  A meliai simulacrum (D:15)
  An ogre skeleton (Vaults:3)
  27 orc warriors
  A sky beast (D:8)
  4 swamp drakes
  2 ice beasts
  6 black bears
  An ice dragon simulacrum (Gauntlet)
  10 ogres
  An elf simulacrum (Vaults:2)
  36 wolves
  10 boggarts
  3 phantoms
  10 centaurs
  A lemure (D:4)
  20 kobold brigands
  8 small abominations
  5 bullfrogs
  A glowing shapeshifter simulacrum (Depths:2)
  6 scorpions
  19 wights
  A troll zombie (D:12)
  8 killer bees
  7 electric eels
  7 jellies
  9 howler monkeys
  5 hounds
  8 orc priests
  2 gnoll boudas
  Crazy Yiuf (D:5)
  Ijyb (D:5)
  A sleepcap (D:8)
  11 orc wizards
  2 iguanas (D:6)
  Natasha (thrice) (D:4)
  7 ogre zombies (D:12)
  A boggart simulacrum (Gauntlet)
  12 adders
  7 gnolls
  3 white imps
  2 ufetubi
  5 worms
  3 dart slugs
  74 orcs
  13 ball pythons
  4 bats
  4 endoplasms
  5 giant cockroaches
  4 goblins
  8 hobgoblins
  17 kobolds
  7 quokkas
  5 frilled lizards
  3 goblin skeletons (D:12)
  4 goblin zombies (D:12)
  3 hobgoblin zombies (D:12)
  An orc skeleton (D:12)
  14 orc zombies (D:12)
  11 rats
  3 butterflies (Zot:2)
  16 pillars of salt (Orc:2)
1972 creatures vanquished.

Vanquished Creatures (collateral kills)
  An orb of fire (Zot:3)
  3 tentacled monstrosities
  A quicksilver dragon (Vaults:5)
  2 sphinxes
  5 shadow dragons
  A storm dragon (Zot:1)
  A death cob (Zot:2)
  4 frost giants
  2 draconian monks
  3 draconian knights
  3 vault wardens (Vaults:5)
  2 deep elf sorcerers (Vaults:5)
  3 draconian scorchers
  2 draconian annihilators
  3 draconian stormcallers
  4 very ugly things
  3 ironbound preservers (Vaults:4)
  A draconian shifter (Zot:2)
  3 stone giants
  3 ironbound thunderhulks
  A deep elf demonologist (Depths:3)
  The ghost of geeko55 the Grappler, a journeyman TrMo of the Shining One (D:12)
  6 green draconians
  6 black draconians
  2 yellow draconians
  4 red draconians
  4 white draconians
  5 purple draconians
  2 spark wasps (Depths:3)
  An ettin (Vaults:5)
  A jiangshi (Depths:3)
  A fire dragon (Depths:4)
  An ice dragon (Depths:4)
  5 yaktaur captains
  3 ogre magi (Vaults:5)
  2 rakshasas (Depths:1)
  7 vault guards (Vaults:5)
  A peacekeeper (Vaults:4)
  A centaur warrior (D:12)
  An ironbound frostheart (Vaults:5)
  4 two-headed ogres (Vaults:5)
  3 tengu warriors
  A naga warrior (D:12)
  2 deep troll shamans
  4 deep troll earth magi
  2 hell knights (Depths:3)
  2 iron trolls
  2 glowing orange brains (Depths:3)
  15 deep trolls
  3 ironbound convokers (Vaults:5)
  A phantasmal warrior (Vaults:5)
  A necromancer (Depths:3)
  A wizard (Vaults:4)
  A lindwurm (shapeshifter) (Vaults:5)
  An orc sorcerer (Vaults:5)
  3 orc knights
  A fire giant zombie (Depths:1)
  10 ugly things
  A tengu skeleton (Depths:1)
  10 moths of wrath
  A frost giant skeleton (Depths:1)
  2 vault sentinels
  3 eyes of devastation (Depths:3)
  A fire giant skeleton (Depths:1)
  A tengu conjurer (Depths:1)
  A freezing wraith (Vaults:5)
  2 yaktaurs (Vaults:5)
  3 guardian mummies (Zot:2)
  7 fire elementals (Zot:1)
  A chaos spawn (Depths:1)
  A redback (shapeshifter) (Vaults:5)
  A swamp worm (shapeshifter) (Vaults:5)
  3 orc warriors (Vaults:5)
  3 ogres (Vaults:5)
  An orc wizard (Vaults:5)
  3 orcs (Vaults:5)
207 creatures vanquished.

Vanquished Creatures (others)
  A shadow dragon (Vaults:5)
  A draconian monk (Zot:3)
  2 draconian scorchers
  2 draconian knights
  2 draconian shifters
  A fire giant (Vaults:5)
  A vault warden (Vaults:5)
  An orc warlord (Vaults:4)
  A draconian stormcaller (Zot:1)
  2 ironbound preservers
  4 draconian annihilators
  6 very ugly things
  2 green draconians
  An eleionoma (Swamp:3)
  A black draconian (Zot:3)
  A white draconian (Zot:4)
  2 yellow draconians
  2 red draconians
  A purple draconian (Zot:1)
  A spark wasp (Depths:3)
  An ettin (Depths:2)
  A fire dragon (Depths:3)
  A deep elf high priest (Depths:4)
  2 ice dragons (Depths:4)
  2 yaktaur captains (Depths:4)
  A vault guard (Vaults:5)
  3 deep troll shamans
  A deep troll earth mage (Depths:2)
  3 two-headed ogres (Vaults:5)
  A vampire mage (Depths:3)
  A spriggan berserker (Depths:3)
  A hell knight (Depths:3)
  A sea snake (shapeshifter) (Vaults:5)
  6 deep trolls
  A phantasmal warrior (Vaults:5)
  2 ironbound convokers
  2 orc knights (Vaults:5)
  A necromancer (Depths:2)
  4 ugly things
  An unseen horror (Depths:1)
  4 yaktaurs
  4 guardian mummies (Zot:2)
  2 chaos spawn (Depths:1)
  An orc warrior (Vaults:5)
  4 demonic plants (Gauntlet)
  4 foxfires
  534 fulminant prisms
  73 fungi
  7 pillars of salt (Orc:2)
  59 plants
  8 withered plants
771 creatures vanquished.

Grand Total: 2950 creatures vanquished

Table legend:
 A = Non-vault XP
 B = Vault XP
 C = Vault XP percentage of total XP
 D = Non-vault monster count
 E = Vault monster count
 F = Vault count percentage of total count
                 A         B        C        D         E       F
            +---------+---------+-------+---------+---------+-------
      Total |  671255 |  548939 |  45.0 |    1334 |     860 |  39.2
            +---------+---------+-------+---------+---------+-------
        D:1 |      41 |       2 |   4.7 |      26 |       1 |   3.7
        D:2 |     115 |       0 |   0.0 |      28 |       0 |   0.0
        D:3 |      21 |     663 |  96.9 |       8 |       1 |  11.1
        D:4 |     391 |     498 |  56.0 |      27 |       3 |  10.0
        D:5 |     294 |     166 |  36.1 |      15 |       4 |  21.1
        D:6 |     835 |     348 |  29.4 |      29 |       4 |  12.1
        D:7 |     947 |       0 |   0.0 |      16 |       0 |   0.0
        D:8 |    1680 |    2795 |  62.5 |      19 |       9 |  32.1
        D:9 |    1902 |       0 |   0.0 |      25 |       0 |   0.0
       D:10 |    2085 |       0 |   0.0 |      13 |       0 |   0.0
       D:11 |    5772 |    2221 |  27.8 |      35 |      24 |  40.7
       D:12 |    6128 |   19388 |  76.0 |      22 |      73 |  76.8
       D:13 |    4336 |    7308 |  62.8 |       9 |      10 |  52.6
       D:14 |   10952 |    5014 |  31.4 |      28 |       9 |  24.3
       D:15 |    7536 |    4990 |  39.8 |      16 |       8 |  33.3
     Lair:1 |    4249 |    2358 |  35.7 |      14 |       5 |  26.3
     Lair:2 |    3691 |       0 |   0.0 |      11 |       0 |   0.0
     Lair:3 |   10728 |    2190 |  17.0 |      27 |      16 |  37.2
     Lair:4 |    2944 |       0 |   0.0 |      12 |       0 |   0.0
     Lair:5 |   16278 |   10310 |  38.8 |      42 |      56 |  57.1
    Swamp:1 |   12989 |    9959 |  43.4 |      24 |      16 |  40.0
    Swamp:2 |   13990 |       0 |   0.0 |      27 |       0 |   0.0
    Swamp:3 |   12484 |   17643 |  58.6 |      21 |      23 |  52.3
    Swamp:4 |   23376 |   23230 |  49.8 |      43 |      33 |  43.4
   Spider:1 |    9224 |       0 |   0.0 |      25 |       0 |   0.0
   Spider:2 |   20382 |    1147 |   5.3 |      48 |       1 |   2.0
   Spider:3 |   22757 |    2418 |   9.6 |      62 |       1 |   1.6
   Spider:4 |   28262 |   19342 |  40.6 |      62 |      34 |  35.4
      Orc:1 |    3289 |     969 |  22.8 |      23 |       1 |   4.2
      Orc:2 |   12159 |   11191 |  47.9 |      57 |      37 |  39.4
      Elf:1 |   14612 |   10925 |  42.8 |      21 |      15 |  41.7
      Elf:2 |    8575 |    4921 |  36.5 |      12 |       6 |  33.3
      Elf:3 |   14714 |   35973 |  71.0 |      21 |      29 |  58.0
   Vaults:1 |   11392 |   25667 |  69.3 |      20 |      41 |  67.2
   Vaults:2 |   37378 |   19380 |  34.1 |      56 |      26 |  31.7
   Vaults:3 |   31713 |   24443 |  43.5 |      54 |      33 |  37.9
   Vaults:4 |   18646 |   28105 |  60.1 |      29 |      40 |  58.0
   Vaults:5 |   24404 |   97876 |  80.0 |      42 |      95 |  69.3
   Depths:1 |   32262 |    8254 |  20.4 |      42 |      23 |  35.4
   Depths:2 |   18051 |       0 |   0.0 |      25 |       0 |   0.0
   Depths:3 |   21909 |   19911 |  47.6 |      21 |      34 |  61.8
   Depths:4 |   23396 |   12252 |  34.4 |      29 |      13 |  31.0
      Zot:1 |   24543 |   10788 |  30.5 |      22 |      31 |  58.5
      Zot:2 |   40195 |   20499 |  33.8 |      40 |      15 |  27.3
      Zot:3 |   44408 |   48593 |  52.2 |      38 |      35 |  47.9
      Zot:4 |   37009 |       0 |   0.0 |      27 |       0 |   0.0
      Zot:5 |   28211 |   22626 |  44.5 |      21 |      10 |  32.3
      IceCv |       0 |   12267 | 100.0 |       0 |      36 | 100.0
   Gauntlet |       0 |    2309 | 100.0 |       0 |       9 | 100.0
            +---------+---------+-------+---------+---------+-------

Skill      XL: |  1  2  3  4  5  6  7  8  9 10 11 12 13 14 15 16 17 18 19 20 21 22 23 24 25 26 |
---------------+-------------------------------------------------------------------------------+-----
Conjurations   | 5 6 8 9 12 17 20 | 20.6
Spellcasting   | 4 5 8 9 11 12 14 15 16 20 25 26 27 | 27.0
Hexes          | 1 7 8 10 18 19 | 19.0
Translocations | 4 |  4.0
Invocations    | 4 7 8 9 10 11 13 14 | 14.0
Dodging        | 5 8 10 12 14 17 19 | 19.8
Stealth        | 3 4 |  4.0
Fighting       | 2 4 5 7 8 9 11 13 | 13.6
Ice Magic      | 7 10 15 17 20 23 25 26 | 26.0
Air Magic      | 4 |  4.2
Shields        | 5 6 |  6.0
Transmutations | 4 |  4.0

Action                     |  1- 3 |  4- 6 |  7- 9 | 10-12 | 13-15 | 16-18 | 19-21 | 22-24 | 25-27 || total
---------------------------+-------+-------+-------+-------+-------+-------+-------+-------+-------++-------
  Melee: Rapier            |       |       |     2 |     1 |     1 |    19 |     3 |       |       ||    26
         Punch             |       |       |       |       |       |     1 |       |       |       ||     1
         Staff             |       |       |       |       |       |       |       |     3 |       ||     3
   Cast: Magic Dart        |    64 |    40 |    37 |     1 |       |     1 |       |       |       ||   143
         Searing Ray       |     4 |    12 |    18 |     2 |       |       |       |       |       ||    36
         Iskenderun's Myst |       |     1 |    20 |    72 |   114 |    60 |    10 |    19 |    10 ||   306
         Fulminant Prism   |       |       |    84 |   223 |   185 |    24 |    18 |       |       ||   534
         Freezing Cloud    |       |       |       |     9 |    70 |    59 |     5 |       |     2 ||   145
         Ozocubu's Refrige |       |       |       |       |       |   351 |   413 |   146 |   115 ||  1025
         Orb of Destructio |       |       |       |       |       |   158 |    69 |   138 |   160 ||   525
         Ozocubu's Armour  |       |       |       |       |       |     2 |       |       |       ||     2
         Irradiate         |       |       |       |       |       |    13 |    49 |    21 |    34 ||   117
         Swiftness         |       |       |       |       |       |       |     3 |     1 |     1 ||     5
         Polar Vortex      |       |       |       |       |       |       |    29 |    18 |    25 ||    72
         Discord           |       |       |       |       |       |       |     7 |    97 |    65 ||   169
         Yara's Violent Un |       |       |       |       |       |       |       |    18 |    11 ||    29
         Enfeeble          |       |       |       |       |       |       |       |     3 |     9 ||    12
         Shatter           |       |       |       |       |       |       |       |       |     1 ||     1
 Invoke: Channel Magic     |       |       |       |       |       |     7 |     4 |     1 |     4 ||    16
         Divine Exegesis   |       |       |       |       |       |       |       |       |     1 ||     1
    Use: Potion            |       |     1 |     3 |       |     3 |     1 |     4 |     7 |    15 ||    34
         Scroll            |       |       |    15 |     7 |     9 |     6 |     7 |     5 |    13 ||    62
   Stab: Sleeping          |       |       |       |       |       |       |     1 |       |       ||     1
 Armour: Robe              |     2 |       |     2 |       |       |       |       |       |       ||     4
         Steam dragon scal |       |       |       |     9 |     1 |       |       |       |       ||    10
         Animal skin       |       |       |       |       |    13 |    44 |    34 |    20 |    44 ||   155
  Dodge: Dodged            |     1 |     7 |    28 |    56 |    61 |    80 |   101 |    50 |   117 ||   501
         Repelled          |       |       |       |       |       |     1 |     4 |     5 |    11 ||    21
  Block: Buckler           |       |       |       |       |       |     2 |    28 |    14 |    21 ||    65

Illustrated notes

Table legend:
 A = Kills in this place as a percentage of kills in the entire game.
 B = Kills by you in this place as a percentage of kills by you in the entire game.
 C = Kills by friends in this place as a percentage of kills by friends in the entire game.
 D = Other kills in this place as a percentage of other kills in the entire game.
 E = Experience gained in this place as a percentage of experience gained in the entire game.
 F = Experience gained in this place divided by the number of levels of this place that you have seen.
                   A       B       C       D       E      F
               +-------+-------+-------+-------+-------+----------------------
         Total | 100.0 | 100.0 | 100.0 | 100.0 | 100.0 | 24403.9
       Dungeon |  21.1 |  23.4 |   2.9 |   0.0 |   7.1 | 5761.9
          Lair |   8.3 |   9.4 |   0.0 |   0.0 |   4.3 | 10549.6
         Swamp |   8.5 |   9.5 |   0.0 |   2.9 |   9.3 | 28417.8
   Spider Nest |  10.6 |  11.9 |   0.0 |   0.0 |   8.5 | 25883.0
  Orcish Mines |   5.4 |   6.0 |   0.0 |   0.0 |   2.3 | 13804.0
   Elven Halls |   4.7 |   5.3 |   0.0 |   0.0 |   7.4 | 29906.7
        Vaults |  19.9 |  17.8 |  36.7 |  34.3 |  26.1 | 63800.8
        Depths |   8.5 |   5.8 |  30.4 |  31.4 |  11.1 | 34008.8
           Zot |  10.9 |   8.5 |  30.0 |  31.4 |  22.7 | 55374.4
      Ice Cave |   1.6 |   1.8 |   0.0 |   0.0 |   1.0 | 12267.0
      Gauntlet |   0.4 |   0.5 |   0.0 |   0.0 |   0.2 | 2309.0
               +-------+-------+-------+-------+-------+----------------------

Table legend: (Time is in decaauts)
 A = Elapsed time spent in this place.
 B = Non-inter-level travel time spent in this place.
 C = Inter-level travel time spent in this place.
 D = Time resting spent in this place.
 E = Time spent auto-exploring this place.
 F = Levels seen in this place.
 G = Mean time per level.
                   A        B        C        D        E       F      G
               +--------+--------+--------+--------+--------+-----+--------+
         Total |  78737 |  74448 |   4289 |  21667 |  27098 |  50 | 1574.7 |
       Dungeon |  20469 |  18725 |   1744 |   4212 |   9491 |  15 | 1364.6 |
        Temple |     86 |     70 |     16 |      0 |     55 |   1 |   86.0 |
          Lair |   6894 |   6633 |    261 |   1461 |   3230 |   5 | 1378.8 |
         Swamp |   5292 |   5076 |    216 |   1723 |   1707 |   4 | 1323.0 |
   Spider Nest |   6515 |   6226 |    289 |   2117 |   1764 |   4 | 1628.8 |
  Orcish Mines |   2089 |   1834 |    255 |    362 |    847 |   2 | 1044.5 |
   Elven Halls |   4888 |   4594 |    294 |   1163 |   2272 |   3 | 1629.3 |
        Vaults |  12547 |  12006 |    541 |   4611 |   3165 |   5 | 2509.4 |
        Depths |   9230 |   8721 |    509 |   2200 |   2852 |   4 | 2307.5 |
           Zot |   9224 |   9064 |    160 |   3378 |   1433 |   5 | 1844.8 |
      Ice Cave |   1102 |   1102 |      0 |    414 |    226 |   1 | 1102.0 |
      Gauntlet |    396 |    396 |      0 |     25 |     54 |   1 |  396.0 |
               +--------+--------+--------+--------+--------+-----+--------+

Top non-repeatable levels by time:
   Zot:2: 3030 daAuts
Depths:3: 2922 daAuts
Vaults:4: 2848 daAuts
Vaults:3: 2840 daAuts
Vaults:2: 2669 daAuts
    D:12: 2561 daAuts
   Zot:3: 2525 daAuts
Vaults:1: 2379 daAuts
Depths:1: 2343 daAuts
Depths:4: 2282 daAuts
   Zot:4: 2094 daAuts
  Lair:5: 2088 daAuts
 Swamp:4: 1895 daAuts
Spider:3: 1832 daAuts
 Swamp:3: 1820 daAuts
